 Dungeon Crawl Stone Soup version 0.24-a0-715-g0b739ee41d (webtiles) character file.

Game seed: 15631669895573279402, levelgen mode: deterministic

9027924 Argons the Ninja (level 27, 134/134 HPs)
             Began as a Felid Warper on Sept 26, 2019.
             Was the Champion of Dithmenos.
             Escaped with the Orb
             ... and 15 runes on Sept 30, 2019!
             The game lasted 1 day 00:56:00 (193685 turns).

Argons the Ninja (Felid Warper)               Turns: 193685, Time: 1 , 00:56:00

Health: 134/134    AC:  5    Str: 14    XL:     27
Magic:  47/47      EV: 48    Int: 13    God:    Dithmenos [******]
Gold:   13305      SH:  0    Dex: 36    Spells: 3/65 levels left
                                        Lives:  2   Deaths: 5

rFire    . . .     SeeInvis +     - Unarmed
rCold    + + +     Gourm    .   (shield unavailable)
rNeg     + . .     Faith    .   (armour unavailable)
rPois    +         Spirit   .   (helmet unavailable)
rElec    +         Reflect  .   (cloak unavailable)
rCorr    .         Harm     .   (gloves unavailable)
MR       +++++                  (boots unavailable)
Stlth    +++++++...             C - amulet "Rearchi" {rPois MR+ Regen+ Int+2}
HPRegen  0.72/turn              z - ring "Qacvasoz" {rC+ rN+ Str+7 Dex+5 Stlth-}
MPRegen  0.30/turn              G - ring "Iclenih" {+Fly rElec rC+ Int-5}

@: wreathed by umbra, quick
A: very small, no armour, no weapons or thrown items, stealth, claws 1, fangs 3,
slimy green scales 1, thin skeletal structure 1, see invisible, agile 1,
carnivore, speed 1, frail 1, shaggy fur 3, slow metabolism 1, MP-powered wands,
sharp paws
0: Orb of Zot
}: 15/15 runes: barnacled, slimy, silver, golden, iron, obsidian, icy, bone,
abyssal, demonic, glowing, magical, fiery, dark, gossamer
a: Shadow Step, Shadow Form, Renounce Religion, Evoke Flight


You escaped.
You worshipped Dithmenos.
Dithmenos was exalted by your worship.
You were very full.

You visited 18 branches of the dungeon, and saw 90 of its levels.
You visited Pandemonium 3 times, and saw 21 of its levels.
You visited the Abyss 41 times.
You visited 1 bazaar.
You also visited: Trove.

You collected 18647 gold pieces.
You spent 5342 gold pieces at shops.

Inventory:

Jewellery
 a - the ring "Cuseg" {rF+ MR+ MP+9 Int+4 Stlth-}
   (You took it off a tengu reaver on level 2 of the Depths)

   [ring of attention]

   It affects your intelligence (+4).
   It protects you from fire.
   It affects your resistance to hostile enchantments.
   It affects your magic capacity (+9).
   It makes you less stealthy.
 h - the ring "Laranul" {rPois MR+ Str+3 Dex+4}
   (You found it in a treasure trove)

   [ring of strength]

   It affects your strength (+3).
   It affects your dexterity (+4).
   It protects you from poison.
   It affects your resistance to hostile enchantments.
 k - the amulet "Ziggaj" {rElec Regen+ Str+2}
   (You found it on level 7 of Cocytus)

   [amulet of regeneration]

   It affects your strength (+2).
   It insulates you from electricity.
   It increases your rate of regeneration.
 u - an uncursed ring of positive energy
 z - the ring "Qacvasoz" (left paw) {rC+ rN+ Str+7 Dex+5 Stlth-}
   (You found it on level 2 of the Crypt)

   [ring of attention]

   It affects your strength (+7).
   It affects your dexterity (+5).
   It protects you from cold.
   It protects you from negative energy.
   It makes you less stealthy.
 C - the amulet "Rearchi" (around neck) {rPois MR+ Regen+ Int+2}
   (You acquired it on level 7 of the Dungeon)

   [amulet of regeneration]

   It affects your intelligence (+2).
   It protects you from poison.
   It affects your resistance to hostile enchantments.
   It increases your rate of regeneration.
 F - the ring "Minwihut" {rPois EV+4 Slay+2}
   (You found it on level 2 of the Depths)

   [ring of evasion]

   It affects your evasion (+4).
   It affects your accuracy and damage with ranged weapons and melee attacks
   (+2).
   It protects you from poison.
 G - the ring "Iclenih" (right paw) {+Fly rElec rC+ Int-5}
   (You acquired it on level 1 of the Crypt)

   [ring of flight]

   It affects your intelligence (-5).
   It protects you from cold.
   It insulates you from electricity.
   It lets you fly.
 J - the ring of Jejy {rF+ Str+3 Stlth+}
   (You found it in a treasure trove)

   [ring of protection from fire]

   It affects your strength (+3).
   It protects you from fire.
   It makes you more stealthy.
 R - the ring "Seolacry" {rCorr Int+3}
   (You took it off a boggart on level 3 of the Depths)

   [ring of resist corrosion]

   It affects your intelligence (+3).
   It provides partial protection from all sources of acid and corrosion.
Wands
 e - a wand of clouds (8)
 s - a wand of acid (63)
 I - a wand of iceblast (64)
 S - a wand of scattershot (6)
 T - a wand of digging (60)
Scrolls
 g - 27 scrolls of teleportation
 i - 28 scrolls of identify
 j - 6 scrolls of magic mapping
 l - 3 scrolls of blinking
 m - 17 scrolls of amnesia
 t - 5 scrolls of summoning
 y - 34 scrolls of remove curse
 H - 9 scrolls of silence
 P - 8 scrolls of vulnerability
Potions
 d - 8 potions of might
 f - 11 potions of flight
 n - 31 potions of curing
 o - 19 potions of brilliance
 p - 6 potions of heal wounds
 r - 2 potions of resistance
 w - 6 potions of invisibility
 B - 9 potions of magic
 D - 4 potions of haste
 L - 4 potions of agility
 Q - 4 potions of berserk rage
Miscellaneous
 v - 6 phantom mirrors
Comestibles
 c - 166 rations


   Skills:
 O Level 27 Fighting
 O Level 27 Dodging
 O Level 27 Stealth
 O Level 27 Unarmed Combat
 - Level 19.5 Spellcasting
 O Level 27 Hexes
 O Level 27 Charms
 O Level 27 Necromancy
 O Level 27 Translocations
 O Level 27 Transmutations
 - Level 12.9 Ice Magic
 - Level 7.0 Air Magic
 + Level 15.0 Invocations
 - Level 11.0 Evocations


You had 3 spell levels left.
You knew the following spells:

 Your Spells              Type           Power        Failure   Level  Hunger
a - Ozocubu's Armour      Chrm/Ice       ######..     0%          3    None
b - Swiftness             Chrm/Air       ######..     0%          2    None
c - Confusing Touch       Hex            ######       0%          1    None
d - Confuse               Hex            ######..     0%          3    None
e - Silence               Hex/Air        ######....   1%          5    ####...
f - Invisibility          Hex            ######..     0%          6    #####..
g - Regeneration          Chrm/Necr      ######....   0%          3    None
h - Dragon Form           Tmut           ######....   1%          7    #######
i - Controlled Blink      Tloc           N/A          1%          8    #######
j - Discord               Hex            ######....   1%          8    #######
k - Necromutation         Tmut/Necr      ######....   1%          8    #######
l - Death's Door          Chrm/Necr      ######....   1%          8    #######

Your spell library contained the following spells:

 Spells                   Type           Power        Failure   Level  Hunger
 Animate Skeleton         Necr           N/A          0%          1    None
 Apportation              Tloc           ######       0%          1    None
 Corona                   Hex            ######.      0%          1    None
 Infusion                 Chrm           ####         0%          1    None
 Pain                     Necr           ####         0%          1    None
 Blink                    Tloc           N/A          0%          2    None
 Corpse Rot               Necr           N/A          0%          2    None
 Ensorcelled Hibernation  Hex/Ice        ######       0%          2    None
 Shroud of Golubria       Chrm/Tloc      ######       0%          2    None
 Slow                     Hex            ######..     0%          2    None
 Song of Slaying          Chrm           ######..     0%          2    None
 Sublimation of Blood     Necr           ######....   0%          2    None
 Gell's Gravitas          Tloc           ######....   0%          3    None
 Lesser Beckoning         Tloc           ######....   0%          3    None
 Teleport Other           Tloc           ######..     0%          3    None
 Tukima's Dance           Hex            ######..     0%          3    None
 Vampiric Draining        Necr           ######....   0%          3    None
 Shock                    Conj/Air       ###.         1%          1    None
 Passwall                 Tmut/Erth      #####...     1%          2    None
 Poisonous Vapours        Pois/Air       ###...       1%          2    None
 Dazzling Spray           Conj/Hex       #####.       1%          3    None
 Ignite Poison            Fire/Tmut/Pois #####...     1%          3    None
 Inner Flame              Hex/Fire       #####...     1%          3    None
 Recall                   Summ/Tloc      N/A          1%          3    None
 Summon Guardian Golem    Hex/Summ       #####...     1%          3    None
 Static Discharge         Conj/Air       ###.....     3%          3    None
 Flame Tongue             Conj/Fire      ##...        4%          1    None
 Magic Dart               Conj           ##..         4%          1    None
 Sandblast                Erth           ##....       4%          1    None
 Sting                    Conj/Pois      ##..         4%          1    None
 Summon Butterflies       Summ           ##......     4%          1    None
 Summon Small Mammal      Summ           ##..         4%          1    None
 Mephitic Cloud           Conj/Pois/Air  ###.....     4%          3    None
 Call Imp                 Summ           ##......     6%          2    None
 Searing Ray              Conj           ##....       6%          2    None
 Throw Flame              Conj/Fire      ##....       6%          2    None
 Call Canine Familiar     Summ           ##......     13%         3    None
 Conjure Flame            Conj/Fire      ##......     13%         3    None
 Stone Arrow              Conj/Erth      ##....       13%         3    None
 Animate Dead             Necr           N/A          0%          4    None
 Cause Fear               Hex            ######....   0%          4    None
 Agony                    Necr           ######..     0%          5    ####...
 Dispel Undead            Necr           ######..     0%          5    ####...
 Yara's Violent Unravell  Hex/Tmut       ######....   0%          5    ####...
 Darkness                 Hex            ######....   0%          6    #####..
 Death Channel            Necr           ######....   0%          6    #####..
 Dispersal                Tloc           ######....   0%          6    #####..
 Hydra Form               Tmut           ######....   0%          6    #####..
 Force Lance              Conj/Tloc      #####...     1%          4    None
 Fulminant Prism          Conj/Hex       #####.....   1%          4    None
 Leda's Liquefaction      Hex/Erth       #####.....   1%          4    None
 Petrify                  Tmut/Erth      #####...     1%          4    None
 Alistair's Intoxication  Tmut/Pois      #####...     1%          5    ####...
 Bolt of Draining         Conj/Necr      #####.....   1%          5    ####...
 Borgnjor's Vile Clutch   Necr/Erth      #####.....   1%          5    ####...
 Irradiate                Conj/Tmut      #####.....   1%          5    ####...
 Iskenderun's Battlesphe  Conj/Chrm      #####...     1%          5    ####...
 Metabolic Englaciation   Hex/Ice        ######....   1%          5    ####...
 Summon Forest            Summ/Tloc      #####.....   1%          5    ####...
 Summon Mana Viper        Hex/Summ       #####...     1%          5    ####...
 Deflect Missiles         Chrm/Air       ######....   1%          6    #####..
 Simulacrum               Ice/Necr       ######....   1%          6    #####..
 Borgnjor's Revivificati  Necr           ######....   1%          8    #######
 Disjunction              Tloc           ######....   1%          8    #######
 Infestation              Necr           ######....   1%          8    #######
 Airstrike                Air            ####......   2%          4    None
 Statue Form              Tmut/Erth      #####....    2%          6    #####..
 Summon Ice Beast         Ice/Summ       ####....     3%          4    None
 Throw Icicle             Conj/Ice       ####....     3%          4    None
 Summon Lightning Spire   Summ/Air       ###.....     10%         4    None
 Haunt                    Necr/Summ      #####.....   14%         7    #######
 Malign Gateway           Summ/Tloc      #####.....   14%         7    #######
 Ring of Flames           Chrm/Fire      #####.....   14%         7    #######
 Lightning Bolt           Conj/Air       ###.......   28%         5    ####...
 Iskenderun's Mystic Bla  Conj           ##......     38%         4    None
 Olgreb's Toxic Radiance  Pois           ##......     38%         4    None
 Sticky Flame             Conj/Fire      ##......     38%         4    None
 Freezing Cloud           Conj/Ice/Air   ####......   38%         6    #####..
 Bolt of Cold             Conj/Ice       ####......   41%         6    #####..
 Bolt of Magma            Conj/Fire/Erth ##........   75%         5    ####...
 Fireball                 Conj/Fire      ##........   75%         5    ####...
 Lee's Rapid Deconstruct  Erth           ##........   75%         5    ####...
 Summon Demon             Summ           ##........   75%         5    ####...
 Venom Bolt               Conj/Pois      ##........   75%         5    ####...
 Bolt of Fire             Conj/Fire      ##........   100%        6    #####..
 Iron Shot                Conj/Erth      ##........   100%        6    #####..
 Poison Arrow             Conj/Pois      ##........   100%        6    #####..
 Monstrous Menagerie      Summ           ##........   100%        7    #######
 Orb of Destruction       Conj           ##........   100%        7    #######
 Spellforged Servitor     Conj/Summ      ##........   100%        7    #######
 Summon Greater Demon     Summ           ##........   100%        7    #######
 Summon Hydra             Summ           ##........   100%        7    #######
 Chain Lightning          Conj/Air       ###.......   100%        8    #######
 Ignition                 Fire           ##........   100%        8    #######
 Lehudib's Crystal Spear  Conj/Erth      ##........   100%        8    #######
 Summon Horrible Things   Summ           ##........   100%        8    #######
 Fire Storm               Conj/Fire      ##........   100%        9    #######
 Glaciate                 Conj/Ice       ####......   100%        9    #######
 Shatter                  Erth           ##........   100%        9    #######
 Tornado                  Air            ####......   100%        9    #######
 Portal Projectile        Hex/Tloc       Unusable     N/A         3    N/A
 Spectral Weapon          Hex/Chrm       Unusable     N/A         3    N/A
 Passage of Golubria      Tloc           Unusable     N/A         4    N/A
 Excruciating Wounds      Chrm/Necr      Unusable     N/A         5    N/A

Dungeon Overview and Level Annotations

Branches:
Dungeon (15/15)            Temple (1/1) D:7            Lair (6/6) D:8
 Shoals (4/4) Lair:2       Spider (4/4) Lair:2        Slime (5/5) Lair:6
    Orc (2/2) D:9             Elf (3/3) Orc:2        Vaults (5/5) D:13
  Crypt (3/3) Vaults:2       Tomb (3/3) Crypt:3      Depths (5/5) D:15
   Hell (visited)             Dis (7/7) Hell            Geh (7/7) Hell
    Coc (7/7) Hell            Tar (7/7) Hell            Zot (5/5) Depths:5

Altars:
Ashenzari
Cheibriados
Dithmenos
Elyvilon
Fedhas
Gozag
Hepliaklqana
Kikubaaqudgha
Makhleb
Nemelex Xobeh
Okawaru
Qazlal
Ru
Sif Muna
Trog
Uskayaw
Vehumet
Wu Jian
Xom
Yredelemnul
Zin
The Shining One
Beogh
Jiyva

Shops:
D:6 *   D:7 *   D:8 *   Orc:2 :([*=   Elf:1 }[}   Elf:2 :

Portals:
Hell: Depths:1 Depths:2 Depths:3 Depths:4 Depths:5
Abyss: Depths:3 Depths:4
Pandemonium: Depths:2 Depths:3 Depths:5
Ziggurat: Depths:5

Annotations:
D:4 !right
D:6 !bottom
D:7 !top-right os two
D:10 !bottom one
D:11 !top one
D:12 !bottom one
D:15 !most right one, Roxanne
Spider:1 2 transporters
Spider:3 3 runed translucent doors, namelastname112's ghost, adept DrWn
Depths:2 !top one
Depths:5 !top one
Dis:5 6 runed doors
Coc:7 exclusion: ice statue


Innate Abilities, Weirdness & Mutations

You cannot wear armour.
You are incapable of wielding weapons or throwing items.
Your paws allow you to move quietly. (Stealth)
You have sharp claws.
You have razor-sharp teeth.
You have supernaturally acute eyesight. (SInv)
You are carnivorous and can eat meat at any time.
You cover ground quickly.
Your thick and shaggy fur keeps you warm. (AC +3, rC+)
You have a slow metabolism.
Your sharp claws are effective at attacking unaware monsters.
You are partially covered in slimy green scales. (AC +2)
You have a somewhat thin skeletal structure. (Dex +2, Stealth)
You are agile. (Dex +2)
You are frail. (-10% HP)
You expend magic power (3 MP) to strengthen your wands.


Message History

There is a stone staircase leading down here.
There is an escape hatch in the ceiling here.
Warning, next level annotated: !right Enter next level anyway?
A mysterious force pulls you upwards. The hatch slams shut behind you.
There is a stone staircase leading up here.
You climb upwards.
There is a stone staircase leading down here.
Things that are here:
a +0 leather armour; a +0 club
There is a stone staircase leading up here.
You climb upwards.
There is a stone staircase leading down here.
There is a stone staircase leading up here.
You climb upwards.
Your transformation is almost over.
There is a stone staircase leading down here.
You feel yourself come back to life.
There is a staircase leading out of the dungeon here.
You have escaped!

...# #.....#....[..#......##
...#
##..#...#..#..#...#....#
...#
#....#..#..#..#..#.....#
#'##
#.....#..#.#....#......# #.#
#..#...#.#.#.#.#...#...# #.#
#...##..#.#.#.#..##...## #.#
#.....##.#...#.##.....# #.#
#.......#.....#.......#
#.####.######...@...######.#
#............#.....#.......#
..###......##.#...#.##.....#
#.# #....##..#.#.#.#..##...#
#.# ##..#...#.#.#.#.#...#..#
#.# #.....#..#.#.#..#.....#
..# #....#..#..#..#.)#....#
..#####..#...#..#..#)..#...#
)...# #.....#...#...#......#


There were no monsters in sight!

Vanquished Creatures
  Cerebov (Pan)
  Antaeus (Coc:7)
  Asmodeus (Geh:7)
  the Royal Jelly (Slime:5)
  Ereshkigal (Tar:7)
  Gloorx Vloq (Pan)
  the Serpent of Hell (Tar:7)
  Lom Lobon (Pan)
  Mnoleg (Pan)
  Tiamat (Zot:5)
  3 orbs of fire
  25 ancient liches
  Dispater (Dis:7)
  Mennas (Vaults:5)
  Mara (Vaults:5)
  21 greater mummies
  2 juggernauts
  Boris (thrice) (Vaults:4 Depths:5 Tomb:1)
  The ghost of bmj180 the Metallomancer, a veteran GrEE of Sif Muna (Depths:3)
  Sojobo (Depths:2)
  6 shard shrikes
  Frederick (Vaults:4)
  Bai Suzhen (Crypt:3)
  Margery (Depths:1)
  4 Killer Klowns (Zot:5)
  Saint Roka (Vaults:1)
  6 pandemonium lords (Pan)
  3 curse toes
  Geryon (Hell)
  8 profane servitors
  34 bone dragons
  4 golden dragons
  8 doom hounds
  Arachne (Spider:4)
  15 Brimstone Fiends
  11 Tzitzimimeh
  2 electric golems (Zot:5)
  21 tentacled monstrosities
  11 Hell Sentinels
  5 iron giants
  8 hellephants (Abyss:1)
  23 Ice Fiends
  40 liches
  25 Orb Guardians (Zot:5)
  12 quicksilver dragons
  2 deep elf master archers (Elf:3)
  7 titans (Vaults:5)
  19 acid blobs
  3 deep elf blademasters
  119 tentacled starspawn
  6 death cobs
  An acid blob (shapeshifter) (Depths:4)
  9 sphinxes
  Polyphemus (Shoals:3)
  5 eldritch tentacles
  24 Executioners
  4 krakens
  15 ancient champions
  8 tengu reavers
  8 revenants
  21 shadow dragons
  4 storm dragons
  A shadow dragon (shapeshifter) (Depths:3)
  8 draconian monks
  5 daevas
  13 fire giants
  9 frost giants
  8 ghost moths
  6 azure jellies
  2 draconian knights
  9 draconian scorchers
  14 iron dragons
  16 vault wardens
  3 emperor scorpions (Spider:4)
  10 deep elf sorcerers
  53 balrugs
  7 warmongers (Pan)
  37 cacodemons
  4 curse skulls
  12 deep elf elementalists
  4 black suns (Pan)
  A juggernaut zombie (Depths:3)
  10 draconian shifters
  2 angels
  11 ghouls
  6 blood saints (Pan)
  9 draconian annihilators
  An elemental wellspring (Coc:7)
  11 ironheart preservers
  20 stone giants
  19 war gargoyles
  5 draconian stormcallers
  4 spriggan defenders
  64 reapers
  6 ophanim
  10 entropy weavers
  11 green draconians
  77 very ugly things
  9 vampire knights
  2 bennus (Tomb:1)
  7 corrupters (Pan)
  14 black draconians
  7 deep elf demonologists
  18 lorocyprocas
  18 white draconians
  6 spark wasps
  21 yellow draconians
  13 deep elf annihilators
  11 purple draconians
  3 dire elephants
  13 red draconians
  3 deep elf death magi
  15 mummy priests
  30 green deaths
  10 eidola
  3 merfolk javelineers
  7 quicksilver dragon zombies
  23 blizzard demons
  13 jiangshi
  27 great orbs of eyes
  7 merfolk impalers
  7 death oozes
  12 fire dragons
  15 ettins
  3 deep elf high priests
  A crystal guardian (Abyss:2)
  24 yaktaur captains
  A kraken zombie (Coc:4)
  A fire dragon (shapeshifter) (Abyss:2)
  Harold (D:7)
  35 vault guards
  8 hydras
  27 rakshasas
  17 ice dragons
  6 quicksilver dragon skeletons
  5 hell beasts
  10 monstrous demonspawn (Pan)
  6 catoblepae
  7 spriggan air magi
  A merfolk avatar (Lair:6)
  7 centaur warriors
  The ghost of thefreepie the Basher, a journeyman GrFi of Makhleb (Orc:1)
  29 two-headed ogres
  14 death knights
  4 merfolk aquamancers
  39 death scarabs
  10 vampire magi
  10 ogre magi
  127 thrashing horrors
  5 tengu warriors
  7 titan zombies
  3 death yaks (Shoals:3)
  9 deep troll earth magi
  59 hell hogs
  6 deep troll shamans
  38 dancing weapons
  325 large abominations
  A spriggan berserker (Depths:4)
  An orc high priest (Depths:2)
  Nergalle (D:10)
  Sonja (D:12)
  14 iron golems
  64 soul eaters
  87 sun demons
  54 hell knights
  95 wretched stars
  4 storm dragon zombies
  18 deep elf knights
  20 iron trolls
  13 titan skeletons
  59 sixfirhies
  6 storm dragon skeletons
  36 shadow wraiths
  2 fire crabs (Abyss:1)
  13 unseen horrors
  13 sea snakes
  5 ghost moth zombies
  135 skeletal warriors
  22 deep trolls
  8 anaconda zombies
  A death drake (shapeshifter) (Vaults:5)
  15 glowing orange brains
  6 golden dragon zombies
  18 flayed ghosts
  21 spatial maelstroms
  4 infernal demonspawn (Pan)
  16 gelid demonspawn (Pan)
  7 torturous demonspawn (Pan)
  22 shadow demons
  312 starcursed masses
  A swamp dragon (shapeshifter) (Abyss:1)
  A spark wasp zombie (Hell)
  A swamp dragon (Abyss:1)
  4 tengu zombies
  4 death drakes
  6 shadow dragon zombies
  An orange crystal statue (Depths:4)
  10 deep elf archers
  A quicksilver dragon simulacrum (Crypt:3)
  The ghost of releu the Covert, a novice GrBe of Trog (D:10)
  14 necromancers
  15 phantasmal warriors
  18 ironbrand convokers
  2 golden dragon skeletons
  A lindwurm (shapeshifter) (Vaults:4)
  9 wizards
  A mana viper (Abyss:1)
  19 harpies
  6 anaconda skeletons
  64 deep elf magi
  7 wolf spider zombies
  A harpy (shapeshifter) (Abyss:1)
  15 orc knights
  A sphinx zombie (D:15)
  2 tengu skeletons (Depths:4)
  7 iron dragon zombies
  25 orb spiders
  9 fire giant zombies
  4 orc sorcerers
  The ghost of Sassnadas the Blocker, a novice FoFi (D:6)
  12 fauns
  8 stone giant zombies
  9 frost giant zombies
  6 shadow dragon skeletons
  A manticore (shapeshifter) (Vaults:4)
  6 shining eyes
  27 wolf spiders
  27 moths of wrath
  18 cyclopes
  A wolf spider (shapeshifter) (Abyss:2)
  10 manticores
  A guardian serpent (shapeshifter) (Depths:2)
  47 worldbinders
  9 iron dragon skeletons
  6 centaur zombies
  8 merfolk sirens
  56 ugly things
  5 water nymphs
  8 frost giant skeletons
  6 fire giant skeletons
  An elephant (shapeshifter) (D:15)
  8 elephants (Lair:6)
  4 black mambas
  3 stone giant skeletons
  A titan simulacrum (Coc:3)
  2 ice statues
  4 dire elephant zombies
  62 rust devils
  An eye of devastation (shapeshifter) (Vaults:2)
  4 torpor snails
  37 apocalypse crabs
  3 black mambas (shapeshifter)
  6 eyes of devastation
  9 guardian serpents
  2 shock serpent zombies
  4 molten gargoyles
  15 vault sentinels
  A naga mage (Abyss:2)
  A shock serpent skeleton (Crypt:3)
  2 kobold demonologists
  2 gargoyles
  A minotaur zombie (Geh:1)
  128 smoke demons
  A sea snake zombie (Crypt:2)
  6 dire elephant skeletons
  A yaktaur (shapeshifter) (Abyss:2)
  8 catoblepas zombies
  12 spiny frogs
  A komodo dragon (shapeshifter) (Elf:1)
  77 orange demons
  5 yaktaur zombies
  3 centaur skeletons
  42 hellions
  10 komodo dragons
  49 tormentors
  6 harpy zombies
  3 human skeletons
  An iron troll skeleton (Dis:4)
  6 rime drakes
  72 yaktaurs
  44 ice devils
  39 demonic crawlers
  34 freezing wraiths
  2 anaconda simulacra (Abyss:1)
  54 red devils
  93 ancient zymes
  37 efreet
  5 iron troll zombies (Dis:4)
  54 hellwings
  A catoblepas skeleton (Tar:1)
  17 hydra zombies
  4 tengu conjurers
  4 silent spectres
  15 guardian mummies
  A shadow dragon simulacrum (Abyss:1)
  3 meliai (D:13)
  44 jumping spiders
  22 merfolk
  A wind drake (Shoals:4)
  2 polar bears (Lair:6)
  31 blink frogs
  A queen bee (D:11)
  8 trolls
  9 hydra skeletons
  A jumping spider (shapeshifter) (Depths:1)
  14 hornets
  4 harpy skeletons
  Prince Ribbit (D:5)
  167 raiju
  16 hippogriffs
  2 hippogriffs (shapeshifter)
  6 snapping turtles
  A frost giant simulacrum (Coc:4)
  10 dream sheep
  13 ettin zombies
  72 slime creatures
  A snapping turtle (shapeshifter) (Vaults:5)
  5 alligator zombies
  5 bog bodies
  3 human simulacra
  A stone giant simulacrum (Abyss:3)
  A fire giant simulacrum (Crypt:1)
  6 ice dragon skeletons
  6 ice dragon zombies
  A centaur simulacrum (D:15)
  A fire dragon zombie (Abyss:2)
  3 alligator skeletons
  5 ettin skeletons
  40 shadows
  7 black mamba zombies
  A spriggan (shapeshifter) (Depths:2)
  An air elemental (Abyss:1)
  199 flying skulls
  95 ynoxinuls
  5 fire dragon skeletons
  55 redbacks
  18 fire elementals
  A tarantella (shapeshifter) (Abyss:1)
  A deep troll skeleton (D:15)
  15 water elementals
  9 vampires
  11 ushabtiu
  23 tarantellas
  A black mamba skeleton (Geh:5)
  A hog (shapeshifter) (Abyss:2)
  8 wyverns
  A yak (shapeshifter) (Abyss:1)
  7 basilisks
  38 yaks
  18 fire bats
  23 golden eyes
  39 wraiths
  A basilisk (shapeshifter) (Vaults:1)
  86 chaos spawn
  A golden eye (shapeshifter) (Abyss:2)
  2 vampire mosquitoes (D:14)
  Menkaure (D:7)
  88 neqoxecs
  11 hungry ghosts
  36 spatial vortices
  3 swamp worms (shapeshifter) (Vaults:5)
  15 insubstantial wisps
  Edmund (D:5)
  A warg (shapeshifter) (Abyss:2)
  2 nagas
  5 wargs
  2 hydra simulacra
  A soldier ant (D:13)
  3 acid dragons
  6 spiny frog zombies
  82 hell hounds
  11 water moccasins
  Duvessa (D:7)
  3 floating eyes
  8 porcupines
  5 spiny frog skeletons
  An eye of draining (shapeshifter) (Elf:2)
  12 ice beasts
  53 orc warriors
  An alligator simulacrum (Abyss:2)
  2 black bears (shapeshifter)
  A hornet zombie (D:6)
  5 manticore zombies
  14 sky beasts
  A swamp drake (D:8)
  An elf zombie (Vaults:4)
  17 eyes of draining
  2 swamp dragon zombies
  A tengu (shapeshifter) (Abyss:2)
  A black bear (D:10)
  2 boggarts (shapeshifter)
  7 phantoms
  27 necrophages
  An ogre (shapeshifter) (Abyss:2)
  22 ogres
  9 boggarts
  11 snapping turtle zombies
  A fire dragon simulacrum (Abyss:2)
  8 snapping turtle skeletons
  8 wolves
  7 manticore skeletons
  21 centaurs
  A crocodile (shapeshifter) (Abyss:4)
  16 crocodiles
  2 swamp dragon skeletons
  A big kobold (D:11)
  305 small abominations
  A spiny frog simulacrum (Abyss:1)
  A gnoll sergeant (D:10)
  21 bullfrogs
  6 earth elementals
  2 elf skeletons
  2 scorpions
  2 spriggan zombies
  Dowan (D:7)
  25 killer bees
  2 manticore simulacra (Abyss:1)
  A water moccasin skeleton (D:11)
  110 wights
  A killer bee (shapeshifter) (Abyss:2)
  6 howler monkeys
  A snapping turtle simulacrum (Abyss:1)
  4 spriggan skeletons
  2 electric eels
  20 crimson imps
  A bullfrog zombie (D:5)
  47 quasits
  3 human zombies (Tar:7)
  4 jellies
  A jelly (shapeshifter) (Abyss:2)
  Crazy Yiuf (D:7)
  2 bullfrog skeletons
  An elf simulacrum (Abyss:2)
  13 orc priests
  6 hounds
  88 iron imps
  31 orc wizards
  10 hell rats
  3 iguanas
  6 lightning spires (Abyss:4)
  13 worker ants
  A killer bee zombie (D:10)
  A naga zombie (Geh:5)
  An ogre skeleton (Crypt:1)
  An ogre zombie (Dis:3)
  A hound skeleton (D:7)
  2 hound zombies
  An acid dragon skeleton (Crypt:2)
  46 mummies
  10 gnolls
  2 worker ant zombies
  12 adders
  3 river rats (shapeshifter)
  25 shadow imps
  60 white imps
  53 ufetubi
  2 oozes (shapeshifter)
  2 oozes
  An adder zombie (D:6)
  3 adder skeletons
  A worm (D:4)
  2 dart slugs
  10 leopard geckos
  107 orcs
  An orc (shapeshifter) (Abyss:2)
  8 spectral bats (Abyss:2)
  2 ball pythons
  2 bats (shapeshifter)
  8 bats
  7 giant cockroaches
  10 goblins
  7 hobgoblins
  A hobgoblin (shapeshifter) (Abyss:2)
  4 jackals (D:4)
  12 kobolds
  A quokka (shapeshifter) (Abyss:2)
  4 quokkas
  7 bat simulacra (Abyss:2)
  A frilled lizard (shapeshifter) (Abyss:2)
  8 frilled lizards
  A gnoll skeleton (Crypt:2)
  4 kobold skeletons
  A leopard gecko skeleton (D:4)
  A leopard gecko zombie (D:8)
  An orc zombie (Dis:7)
  16 rats
  A fungus (Lair:5)
  4 lurking horrors
  3 plants
  49 starspawn tentacles
7817 creatures vanquished.

Vanquished Creatures (collateral kills)
  A juggernaut (Depths:5)
  A vault warden (Vaults:5)
  A very ugly thing (Pan)
  A stone giant (Vaults:5)
  A crystal guardian (Vaults:5)
  6 vault guards (Vaults:5)
  A tengu warrior (Depths:5)
  A death scarab (Tomb:3)
  A sea snake (Shoals:2)
  A phantasmal warrior (Vaults:5)
  An ironbrand convoker (Vaults:5)
  3 ugly things (Pan)
  A guardian mummy (Tomb:3)
  A small abomination (Abyss:1)
21 creatures vanquished.

Vanquished Creatures (others)
  A curse toe (Zot:5)
  A hellephant (Abyss:1)
  A deep elf master archer (Elf:3)
  An Executioner (Dis:3)
  An ancient champion (Tomb:3)
  4 eldritch tentacles
  A fire giant (Geh:7)
  A ghoul (Crypt:3)
  A very ugly thing (Pan)
  A starcursed mass (Abyss:1)
  A deep elf high priest (Elf:3)
  A vault guard (Vaults:5)
  A hell hog (Hell)
  3 death scarabs (Tomb:2)
  A skeletal warrior (Tar:7)
  A wretched star (Abyss:1)
  2 sixfirhies (Pan)
  3 wizards (Pan)
  A spatial maelstrom (Depths:3)
  A harpy (Shoals:3)
  A faun (Shoals:3)
  3 ugly things
  4 smoke demons (Pan)
  A yaktaur (Vaults:5)
  An efreet (Pan)
  2 ancient zymes (Abyss:1)
  2 hellwings (Pan)
  A tormentor (Pan)
  A troll (Vaults:1)
  A hippogriff (D:10)
  A blink frog (Abyss:2)
  A redback (Spider:1)
  A flying skull (Abyss:2)
  3 wraiths
  3 shadows
  A fire bat (Abyss:2)
  7 spatial vortices (Abyss:1)
  6 small abominations (Abyss:1)
  2 orc warriors
  An ice beast (Abyss:1)
  3 wights
  A quasit (Abyss:1)
  4 iron imps
  A jelly (Abyss:1)
  An ufetubus (Abyss:1)
  An orc (Depths:2)
  A bat (Abyss:2)
  A block of ice (Pan)
  2 bushes (Lair:6)
  7 demonic plants
  2 fire vortices (Pan)
  21 fungi
  4 lurking horrors
  63 plants
  207 starspawn tentacles
  4 tentacles (Shoals:3)
  2 withered plants (Tar:3)
396 creatures vanquished.

Grand Total: 8234 creatures vanquished

Notes
Turn   | Place    | Note
-------+----------+-------------------------------------------
     0 | D:1      | Argons the Felid Warper began the quest for the Orb.
     0 | D:1      | Reached XP level 1. HP: 9/9 MP: 4/4
   127 | D:1      | Reached skill level 1 in Stealth
   127 | D:1      | Reached XP level 2. HP: 8/13 MP: 6/6
   248 | D:1      | Learned a level 2 spell: Shroud of Golubria
   768 | D:1      | Reached XP level 3. HP: 16/16 MP: 7/7
  2255 | D:3      | Reached XP level 4. HP: 20/20 MP: 5/8
  2643 | D:2      | Found a glowing silver altar of Zin.
  2801 | D:2      | Learned a level 3 spell: Teleport Other
  3354 | D:5      | Entered Level 5 of the Dungeon
  3375 | D:5      | Noticed a sky beast
  3417 | D:4      | Reached XP level 5. HP: 24/24 MP: 9/9
  3602 | D:4      | Identified the Handbook of Spatial Ignition
  3701 | D:4      | Noticed a phantom
  3768 | D:4      | Killed a phantom
  3768 | D:4      | Reached skill level 5 in Stealth
  3768 | D:4      | Gained mutation: You are covered in thick fur. (AC +2)
                  | [Felid growth]
  3768 | D:4      | Reached XP level 6. HP: 7/28 MP: 10/10
  4216 | D:5      | Noticed an ice beast
  4686 | D:4      | Killed an ice beast
  4874 | D:5      | Noticed Prince Ribbit
  4994 | D:5      | Reached XP level 7. HP: 33/33 MP: 11/11
  5101 | D:5      | Found a sparkling altar of Nemelex Xobeh.
  5102 | D:5      | Found an ancient bone altar of Kikubaaqudgha.
  5263 | D:5      | Noticed Edmund
  5445 | D:5      | Killed Edmund
  5445 | D:5      | Reached skill level 5 in Fighting
  5445 | D:5      | Reached skill level 5 in Unarmed Combat
  6260 | D:6      | Found a basalt altar of Yredelemnul.
  6320 | D:6      | Found a white marble altar of Elyvilon.
  6370 | D:6      | Found a transporter.
  6384 | D:6      | Noticed a hungry ghost
  6400 | D:6      | Found a transporter.
  6409 | D:6      | Noticed Sassnadas's ghost (novice FoFi)
  6422 | D:6      | Found a stormy altar of Qazlal.
  6437 | D:6      | Reached skill level 5 in Dodging
  6437 | D:6      | Reached XP level 8. HP: 37/37 MP: 12/12
  7892 | D:6      | Found Onnimus's Assorted Antiques.
  7900 | D:6      | Bought a scroll of teleportation for 84 gold pieces
  8666 | D:7      | Reached XP level 9. HP: 42/42 MP: 10/13
  8872 | D:7      | Found a runed translucent door.
  8873 | D:7      | Noticed Crazy Yiuf
  8887 | D:7      | Killed Crazy Yiuf
  9037 | D:7      | Noticed Menkaure
  9257 | D:6      | Reached skill level 10 in Stealth
  9661 | D:7      | Noticed Duvessa
 10058 | D:7      | Found a staircase to the Ecumenical Temple.
 10074 | Temple   | Entered the Ecumenical Temple
 10220 | Temple   | Became a worshipper of Dithmenos the Shadowed
 10284 | D:7      | Noticed Harold
 11093 | D:8      | Found Lushriv's Assorted Antiques.
 11101 | D:8      | Bought a potion of heal wounds for 90 gold pieces
 11101 | D:8      | Bought a wand of acid (5) for 144 gold pieces
 11101 | D:8      | Bought a smoky green potion for 16 gold pieces
 11416 | D:8      | Noticed a two-headed ogre
 11505 | D:8      | Found an iron altar of Okawaru.
 11982 | D:7      | Found Biocwo's General Store.
 11989 | D:7      | Bought a potion of lignification for 45 gold pieces
 12400 | D:7      | Killed Menkaure
 13118 | D:8      | Found an iron altar of Okawaru.
 13235 | D:9      | Noticed a troll
 13323 | D:9      | Reached * piety under Dithmenos
 13366 | D:9      | Reached XP level 10. HP: 47/47 MP: 14/14
 13373 | D:9      | Upgraded the game from 0.24-a0-652-g46ecf6da75 to
                  | 0.24-a0-653-g3936067ed8
 13765 | D:9      | Found a staircase to the Orcish Mines.
 13853 | D:9      | Found a blossoming altar of Fedhas.
 13976 | D:10     | Entered Level 10 of the Dungeon
 14283 | D:10     | Noticed Nergalle
 14394 | D:10     | Noticed a gargoyle
 14418 | D:10     | Noticed a cyclops
 14761 | D:10     | Noticed releu's ghost (novice GrBe)
 14762 | D:10     | Noticed a white ugly thing
 14767 | D:10     | Found a runed translucent gate.
 14767 | D:10     | Found a runed translucent gate.
 14769 | D:10     | Found a runed translucent gate.
 15143 | D:10     | Killed a gargoyle
 15173 | D:10     | Reached ** piety under Dithmenos
 15459 | D:10     | Killed Nergalle
 16130 | D:11     | Noticed a cyclops
 16228 | D:10     | Killed a white ugly thing
 16301 | D:11     | Killed a cyclops
 16301 | D:11     | Reached XP level 11. HP: 53/53 MP: 15/15
 17554 | D:8      | Killed a two-headed ogre
 17683 | D:8      | Found a staircase to the Lair.
 18098 | D:7      | Identified a scroll of acquirement
 18099 | D:7      | Got a wavering golden amulet
 18333 | Lair:1   | Entered Level 1 of the Lair of Beasts
 18583 | Lair:1   | Reached skill level 10 in Unarmed Combat
 18797 | Lair:1   | Reached skill level 10 in Fighting
 20424 | Lair:1   | Reached skill level 15 in Stealth
 20493 | Lair:1   | Learned a level 1 spell: Confusing Touch
 20497 | Lair:1   | Learned a level 3 spell: Confuse
 20720 | Lair:2   | Reached *** piety under Dithmenos
 20720 | Lair:2   | Reached skill level 1 in Hexes
 21370 | Lair:2   | Found a hole to the Spider Nest.
 21402 | Lair:2   | Identified the amulet "Rearchi" {rPois MR+ Regen+ Int+2}
                  | (You acquired it on level 7 of the Dungeon)
 21781 | Lair:2   | Found a staircase to the Shoals.
 21895 | Lair:2   | Reached skill level 5 in Hexes
 22099 | Lair:2   | Noticed a seven-headed hydra
 22231 | Lair:2   | Killed a seven-headed hydra
 22231 | Lair:2   | Reached skill level 10 in Dodging
 22259 | Lair:3   | Gained mutation: Your thick and shaggy fur keeps you warm.
                  | (AC +3, rC+) [Felid growth]
 22259 | Lair:3   | Reached XP level 12. HP: 58/58 MP: 16/16
 22524 | Lair:3   | Reached **** piety under Dithmenos
 23488 | Lair:4   | You fall into a shaft and drop 2 floors!
 23488 | Lair:6   | Entered Level 6 of the Lair of Beasts
 24700 | Lair:5   | Noticed a six-headed hydra
 24781 | Lair:5   | Killed a six-headed hydra
 24980 | Lair:5   | Noticed a catoblepas
 24980 | Lair:5   | Noticed a catoblepas
 25420 | Lair:5   | Killed a catoblepas
 25420 | Lair:5   | Reached XP level 13. HP: 49/63 MP: 17/17
 26085 | Lair:6   | Noticed a dire elephant
 26250 | Lair:6   | Reached ***** piety under Dithmenos
 26746 | Lair:6   | Found a staircase to the Slime Pits.
 26746 | Lair:6   | Found a viscous altar of Jiyva.
 28032 | D:5      | Killed Prince Ribbit
 28182 | D:6      | Killed Sassnadas's ghost
 28365 | D:7      | Noticed Dowan
 28388 | D:7      | Killed Dowan
 28442 | D:7      | Killed Harold
 28445 | D:7      | Killed Duvessa
 28655 | D:9      | Found a roughly hewn altar of Beogh.
 30191 | D:12     | Noticed Sonja
 30194 | D:12     | Killed Sonja
 30194 | D:12     | Reached XP level 14. HP: 69/69 MP: 18/18
 30317 | D:12     | Reached ****** piety under Dithmenos
 32119 | D:14     | Found a portal to a secret trove of treasure.
 33516 | D:13     | Found a gate to the Vaults.
 33642 | D:15     | Entered Level 15 of the Dungeon
 34636 | D:13     | Reached XP level 15. HP: 75/75 MP: 19/19
 35410 | Orc:1    | Entered Level 1 of the Orcish Mines
 35411 | Orc:1    | Upgraded the game from 0.24-a0-653-g3936067ed8 to
                  | 0.24-a0-693-g39a19ac0f1
 35425 | Orc:1    | Found a runed translucent door.
 35427 | Orc:1    | Noticed thefreepie's ghost (journeyman GrFi)
 35654 | Orc:2    | Entered Level 2 of the Orcish Mines
 36143 | Orc:2    | Found a staircase to the Elven Halls.
 37400 | Orc:2    | Found Nezoiham's Armour Shoppe.
 37400 | Orc:2    | Found Magery's Antique Weapon Shop.
 37402 | Orc:2    | Found Nebroekk's Book Boutique.
 37411 | Orc:2    | Found Bicow's Jewellery Shop.
 37423 | Orc:2    | Bought a cursed +1 ring of evasion for 24 gold pieces
 37423 | Orc:2    | Bought a cursed amulet of inaccuracy for 24 gold pieces
 37504 | Orc:2    | Found Kolyihaw's General Store.
 37573 | Elf:1    | Entered Level 1 of the Elven Halls
 37762 | Orc:2    | Bought a potion of haste for 160 gold pieces
 37762 | Orc:2    | Bought a ration for 80 gold pieces
 37762 | Orc:2    | Bought a scroll of identify for 32 gold pieces
 38130 | Elf:1    | Reached skill level 10 in Hexes
 38215 | Elf:1    | Found Boib's Armour Boutique.
 38591 | D:15     | Found a staircase to the Depths.
 38859 | D:15     | Noticed Roxanne
 39554 | Depths:1 | Entered Level 1 of the Depths
 39580 | Depths:1 | Noticed a tengu reaver
 39839 | Spider:1 | Entered Level 1 of the Spider Nest
 40103 | Lair:2   | Mangled by an entropy weaver
 40104 | Lair:2   | Reached XP level 14. HP: -8/72 MP: 2/18
 40113 | Lair:2   | Killed an entropy weaver
 40461 | Depths:1 | Killed a tengu reaver
 40587 | Depths:1 | Noticed a brown very ugly thing
 40590 | Depths:1 | Noticed a fire giant
 40594 | Depths:1 | Killed a fire giant
 40596 | Depths:1 | Noticed a brown very ugly thing
 40602 | Depths:1 | Killed a brown very ugly thing
 40620 | Depths:1 | Noticed Margery
 41043 | Spider:1 | Reached XP level 15. HP: 40/76 MP: 16/19
 41283 | Spider:1 | Found a transporter.
 41299 | Spider:1 | Found a transporter.
 41307 | Spider:1 | Reached skill level 15 in Fighting
 41380 | Spider:1 | You fall into a shaft and drop 1 floor!
 41485 | Spider:1 | Reached skill level 15 in Unarmed Combat
 41643 | Spider:1 | You fall into a shaft and drop 1 floor!
 42438 | Spider:2 | Got a smoking brass ring
 43436 | Spider:3 | Found a runed translucent gate.
 43436 | Spider:3 | Found a runed translucent gate.
 43436 | Spider:3 | Found a runed translucent gate.
 43645 | Spider:3 | Identified the ring of Descent {MR+ Str+4 Int+5 Stlth+}
                  | (You found it on level 2 of the Spider Nest)
 43910 | Spider:3 | Noticed namelastname112's ghost (adept DrWn)
 44279 | Spider:3 | Learned a level 2 spell: Swiftness
 44395 | Spider:3 | Noticed a ghost moth
 44397 | Spider:3 | Killed a ghost moth
 44504 | Spider:4 | Entered Level 4 of the Spider Nest
 44798 | Spider:4 | Noticed Arachne
 44798 | Spider:4 | Noticed a ghost moth
 45229 | Spider:4 | Reached skill level 15 in Hexes
 45361 | Spider:4 | Reached skill level 1 in Charms
 45373 | Spider:4 | Reached skill level 1 in Air Magic
 45632 | Spider:4 | Reached XP level 16. HP: 51/81 MP: 13/20
 45666 | Spider:4 | HP: 2/81 [entropy weaver (12)]
 46054 | Spider:4 | Reached skill level 15 in Dodging
 46792 | Spider:4 | Killed Arachne
 47249 | Spider:4 | Got a gossamer rune of Zot
 47308 | Spider:4 | Reached skill level 5 in Air Magic
 48060 | Vaults:1 | Entered Level 1 of the Vaults
 48570 | Elf:1    | Learned a level 6 spell: Invisibility
 48675 | Elf:1    | Found Macrept's Armour Boutique.
 48679 | Elf:1    | Found Fotour's Gadget Emporium.
 48724 | Elf:1    | Found Woosyaqe's Gadget Shoppe.
 49216 | Elf:1    | Found Vomoamoz's Food Emporium.
 50079 | Elf:2    | Reached XP level 17. HP: 77/85 MP: 20/23
 50284 | Elf:2    | Found Recyod's Book Shoppe.
 50302 | Elf:2    | Bought a book of Enchantments for 750 gold pieces
 50308 | Elf:2    | Learned a level 5 spell: Silence
 50393 | Elf:2    | Found a runed translucent gate.
 50393 | Elf:2    | Found a runed translucent gate.
 50393 | Elf:2    | Found a runed translucent gate.
 50748 | Elf:2    | Noticed a deep elf blademaster
 50835 | Elf:3    | Entered Level 3 of the Elven Halls
 51196 | Elf:3    | Gained mutation: You tend to lose your temper in combat.
                  | [mutagenic glow]
 51198 | Elf:3    | Lost mutation: You tend to lose your temper in combat.
                  | [potion of mutation]
 51198 | Elf:3    | Gained mutation: You occasionally shout uncontrollably at
                  | your foes. [potion of mutation]
 51198 | Elf:3    | Gained mutation: You possess an exceptional clarity of
                  | mind. [potion of mutation]
 51198 | Elf:3    | Gained mutation: You are resistant to hostile enchantments.
                  | (MR+) [potion of mutation]
 51199 | Elf:3    | Lost mutation: You occasionally shout uncontrollably at
                  | your foes. [potion of mutation]
 51199 | Elf:3    | Lost mutation: You possess an exceptional clarity of mind.
                  | [potion of mutation]
 51199 | Elf:3    | Gained mutation: You possess an exceptional clarity of
                  | mind. [potion of mutation]
 51199 | Elf:3    | Gained mutation: Your flesh is cold resistant. (rC+)
                  | [potion of mutation]
 51199 | Elf:3    | Gained mutation: You are agile. (Dex +2) [potion of
                  | mutation]
 52226 | Depths:1 | Killed Margery
 53631 | Vaults:1 | Reached XP level 18. HP: 89/89 MP: 21/25
 53850 | Vaults:1 | Noticed Saint Roka
 53956 | Vaults:1 | Killed Saint Roka
 55774 | Vaults:2 | Found a staircase to the Crypt.
 55826 | Crypt:1  | Entered Level 1 of the Crypt
 56460 | Vaults:3 | Found the +3 sling "Punk" {acid, rCorr}
 57449 | Vaults:4 | Found a flickering gateway to a bazaar.
 57459 | Bazaar   | Entered a bazaar
 57490 | Bazaar   | Found Coim's General Store.
 57494 | Bazaar   | Bought a scroll of teleportation for 54 gold pieces
 57505 | Bazaar   | Found Jam Idah's Magic Scroll Emporium.
 57510 | Bazaar   | Bought a scroll of identify for 24 gold pieces
 57510 | Bazaar   | Bought a scroll of identify for 24 gold pieces
 57569 | Vaults:4 | Reached XP level 19. HP: 65/93 MP: 21/26
 57827 | Vaults:4 | Noticed Frederick
 57988 | Vaults:4 | Noticed Boris
 58018 | Vaults:3 | Demolished by a stone giant
 58019 | Vaults:3 | Reached XP level 18. HP: -15/89 MP: 5/25
 59721 | D:10     | Killed releu's ghost
 60508 | Orc:1    | Killed thefreepie's ghost
 60903 | Depths:1 | Gained mutation: Your spells are a little easier to cast,
                  | but a little less powerful. [mutagenic glow]
 60959 | D:15     | Gained mutation: You are weak. (Str -2) [mutagenic glow]
 61541 | Depths:1 | Found a gateway to Hell.
 61886 | Depths:2 | Got a transparent tin ring
 61921 | Depths:2 | Noticed a lich
 61924 | Depths:2 | Killed a lich
 62061 | Depths:2 | Got a faintly glowing jade ring
 62128 | Depths:2 | Reached XP level 19. HP: 93/93 MP: 19/26
 62232 | Depths:2 | Found a one-way gate leading to the halls of Pandemonium.
 62493 | Depths:2 | Reached skill level 27 in Stealth
 62633 | Depths:2 | Found a shadowy altar of Dithmenos.
 63262 | Depths:2 | Found a snail-covered altar of Cheibriados.
 63464 | Depths:2 | Identified the ring of Dahuris {Wiz Dex+4} (You found it on
                  | level 2 of the Depths)
 63465 | Depths:2 | Identified the ring "Minwihut" {rPois EV+4 Slay+2} (You
                  | found it on level 2 of the Depths)
 63780 | Depths:2 | Noticed Sojobo
 64868 | Elf:3    | Identified the cursed +2 whip of the Owl {vamp, Stlth+}
 65209 | Elf:3    | Got a shimmering wooden ring
 65226 | Elf:3    | Identified the ring "Aluelaf" {MR+ Int+4 Stlth+} (You found
                  | it on level 3 of the Elven Halls)
 65230 | Elf:3    | Got a vibrating tin ring
 65231 | Elf:3    | Identified the cursed ring "Zolevvum" {Str+6 Int-4} (You
                  | found it on level 3 of the Elven Halls)
 65258 | Elf:3    | Identified the cursed +1 hand axe "Kyptolots" {drain,
                  | *Drain rPois Dex+3}
 65633 | Elf:3    | Identified the Disquisition on the Twisted Frostbite
 65636 | Elf:3    | Identified the Almanac of Displaced Malediction
 65648 | Elf:3    | Identified the Compendium of Creation and Enhancements
 65667 | Elf:3    | Identified the Incunabulum of the Captivating Traveller
 66147 | Vaults:4 | Reached XP level 20. HP: 98/98 MP: 27/27
 67251 | Depths:3 | Found a runed translucent door.
 67252 | Depths:3 | Noticed bmj180's ghost (veteran GrEE)
 67481 | Depths:3 | Identified the ring "Seolacry" {rCorr Int+3}
 68016 | Depths:3 | Noticed a juggernaut
 68094 | Depths:2 | Identified the ring "Cuseg" {rF+ MR+ MP+9 Int+4 Stlth-}
 68160 | Depths:3 | Found a one-way gate to the infinite horrors of the Abyss.
 68885 | Depths:3 | Noticed an ancient lich
 69571 | Depths:3 | Killed from afar by an ancient lich
 69572 | Depths:3 | Reached XP level 19. HP: -29/95 MP: 26/26
 69601 | Depths:3 | Voluntarily entered the Abyss.
 69663 | Abyss:1  | Learned a level 3 spell: Regeneration
 69784 | Abyss:1  | Gained mutation: Your body sometimes deteriorates upon
                  | taking damage. [a neqoxec]
 70088 | Abyss:1  | Reached skill level 1 in Necromancy
 70801 | Abyss:1  | Noticed a bone dragon
 71295 | Vaults:5 | Entered Level 5 of the Vaults
 71393 | Abyss:2  | Gained mutation: You are very weak. (Str -4) [a neqoxec]
 71504 | Abyss:2  | Found a shimmering blue altar of Sif Muna.
 71580 | Abyss:2  | Reached skill level 5 in Charms
 72374 | Depths:3 | Escaped the Abyss
 72594 | D:14     | You paid a toll of 2 scrolls of acquirement to enter a
                  | treasure trove
 72595 | Trove    | Entered a treasure trove
 72595 | Trove    | Found the amulet of the Air {Inacc +Fly rElec EV+5 RMsl}
 72596 | Trove    | Lost mutation: You are very weak. (Str -4) [potion of
                  | mutation]
 72596 | Trove    | Lost mutation: You are agile. (Dex +2) [potion of mutation]
 72596 | Trove    | Gained mutation: You occasionally shout uncontrollably at
                  | your foes. [potion of mutation]
 72596 | Trove    | Lost mutation: You occasionally shout uncontrollably at
                  | your foes. [potion of mutation]
 72596 | Trove    | Lost mutation: You are weak. (Str -2) [potion of mutation]
 72596 | Trove    | Gained mutation: Your flesh is heat resistant. (rF+)
                  | [potion of mutation]
 72601 | Trove    | Got a slimy tin ring
 72603 | Trove    | Got a scintillating jade ring
 72605 | Trove    | Got a steaming tin ring
 72609 | Trove    | Got a heavily runed gossamer ring
 72615 | Trove    | Got a scorched granite ring
 72618 | Trove    | Got a vibrating golden amulet
 72621 | Trove    | Got an ancient tin ring
 72623 | Trove    | Got a pitted silver ring
 72626 | Trove    | Got a steaming garnet amulet
 72641 | Trove    | Got a vibrating granite ring
 72643 | Trove    | Got a translucent gossamer ring
 72828 | D:8      | Bought a scroll of identify for 36 gold pieces
 72829 | D:8      | Identified the ring "Laranul" {rPois MR+ Str+3 Dex+4} (You
                  | found it in a treasure trove)
 72834 | D:8      | Identified the amulet "Cumak" {Faith rC+} (You found it in
                  | a treasure trove)
 73115 | Vaults:4 | Killed Boris
 73115 | Vaults:4 | Reached XP level 20. HP: 83/100 MP: 23/27
 73152 | Vaults:4 | Killed Frederick
 73268 | Vaults:4 | Reached skill level 5 in Necromancy
 73739 | Vaults:4 | Found the +9 heavy crossbow "Sniper" {velocity, Acc+∞ SInv}
 75292 | Depths:2 | Killed Sojobo
 75470 | Depths:3 | Voluntarily entered the Abyss.
 75470 | Vaults:5 | Entered Level 5 of the Vaults
 75507 | Abyss:1  | Noticed a bone dragon
 75845 | Abyss:1  | Noticed a bone dragon
 76039 | Abyss:1  | Gained mutation: Your spells are easier to cast, but less
                  | powerful. [a cacodemon]
 76068 | Abyss:1  | Noticed a bone dragon
 76471 | Abyss:1  | Found a corrupted altar of Lugonu.
 76496 | Depths:3 | Escaped the Abyss
 76544 | Depths:3 | Lost mutation: Your flesh is heat resistant. (rF+) [potion
                  | of mutation]
 76544 | Depths:3 | Lost mutation: Your body sometimes deteriorates upon taking
                  | damage. [potion of mutation]
 76544 | Depths:3 | Lost mutation: You are resistant to hostile enchantments.
                  | (MR+) [potion of mutation]
 76544 | Depths:3 | Lost mutation: You possess an exceptional clarity of mind.
                  | [potion of mutation]
 76544 | Depths:3 | Gained mutation: Your muscles are strong. (Str +2) [potion
                  | of mutation]
 76544 | Depths:3 | Gained mutation: You have a pair of small horns on your
                  | head. [potion of mutation]
 76545 | Depths:3 | Lost mutation: Your muscles are strong. (Str +2) [potion of
                  | mutation]
 76545 | Depths:3 | Lost mutation: You have a pair of small horns on your head.
                  | [potion of mutation]
 76545 | Depths:3 | Lost mutation: Your spells are easier to cast, but less
                  | powerful. [potion of mutation]
 76545 | Depths:3 | Lost mutation: Your flesh is cold resistant. (rC+) [potion
                  | of mutation]
 76545 | Depths:3 | Gained mutation: Your system is resistant to poisons.
                  | (rPois) [potion of mutation]
 76546 | Depths:3 | Lost mutation: Your system is resistant to poisons. (rPois)
                  | [potion of mutation]
 76546 | Depths:3 | Lost mutation: Your spells are a little easier to cast, but
                  | a little less powerful. [potion of mutation]
 76546 | Depths:3 | Gained mutation: You possess an exceptional clarity of
                  | mind. [potion of mutation]
 76548 | Depths:3 | Voluntarily entered the Abyss.
 76736 | Abyss:1  | Found a corrupted altar of Lugonu.
 76829 | Abyss:1  | Found a basalt altar of Yredelemnul.
 76951 | Abyss:1  | Noticed a bone dragon
 77137 | Abyss:1  | Noticed an ancient lich
 77402 | Abyss:1  | Killed an ancient lich
 78741 | Abyss:1  | Reached XP level 21. HP: 103/106 MP: 28/28
 78743 | Abyss:1  | Found a shadowy altar of Dithmenos.
 79018 | Depths:3 | Escaped the Abyss
 79318 | D:6      | Bought a metal-bound book for 420 gold pieces
 79378 | D:7      | Bought a wand of digging (5) for 270 gold pieces
 79378 | D:7      | Bought a ration for 75 gold pieces
 79378 | D:7      | Bought 2 scrolls of acquirement for 1560 gold pieces
 79556 | Elf:1    | Bought a ration for 55 gold pieces
 79556 | Elf:1    | Bought a ration for 55 gold pieces
 79556 | Elf:1    | Bought a ration for 55 gold pieces
 79556 | Elf:1    | Bought a ration for 55 gold pieces
 79556 | Elf:1    | Bought a ration for 55 gold pieces
 79556 | Elf:1    | Bought a ration for 55 gold pieces
 79556 | Elf:1    | Bought a ration for 55 gold pieces
 79556 | Elf:1    | Bought a ration for 55 gold pieces
 79556 | Elf:1    | Bought a ration for 55 gold pieces
 79556 | Elf:1    | Bought a ration for 55 gold pieces
 79556 | Elf:1    | Bought a ration for 55 gold pieces
 79556 | Elf:1    | Bought a ration for 55 gold pieces
 79564 | Elf:1    | Bought a wand of iceblast (7) for 154 gold pieces
 79564 | Elf:1    | Bought a wand of digging (3) for 196 gold pieces
 79564 | Elf:1    | Bought a phantom mirror for 420 gold pieces
 80497 | Depths:4 | Identified the amulet "Tatic" {+Fly Regen+ Str-3 Int+2
                  | Dex+4} (You found it in a treasure trove)
 80640 | Depths:4 | Identified the +7 arbalest "Merchi" {velocity, Stlth+}
 80991 | Shoals:1 | Entered Level 1 of the Shoals
 81104 | Shoals:1 | Identified the Incunabulum of Unholy Magic and Good Luck
 81722 | Shoals:1 | Reached skill level 5 in Spellcasting
 81737 | Shoals:1 | Learned a level 7 spell: Dragon Form
 82179 | Shoals:2 | Reached skill level 1 in Transmutations
 83010 | Shoals:4 | Entered Level 4 of the Shoals
 83228 | Shoals:3 | Identified the ring "Werphash" {+Inv +Fly Str+4 Int+3
                  | Stlth+} (You found it in a treasure trove)
 83229 | Shoals:3 | Identified the ring of Vafisk {MR+ Str+3} (You found it in
                  | a treasure trove)
 83230 | Shoals:3 | Identified the ring of Jejy {rF+ Str+3 Stlth+} (You found
                  | it in a treasure trove)
 83396 | Shoals:3 | Got a faintly glowing amber ring
 83503 | Shoals:3 | Noticed Polyphemus
 83992 | Depths:3 | Voluntarily entered the Abyss.
 84242 | Abyss:1  | Reached skill level 5 in Transmutations
 84322 | Vaults:5 | Entered Level 5 of the Vaults
 84369 | Depths:3 | Escaped the Abyss
 84371 | Depths:3 | Voluntarily entered the Abyss.
 84847 | Abyss:1  | Found a corrupted altar of Lugonu.
 85005 | Abyss:1  | Identified the ring "Ixiatese" {AC+3 Str+5 Dex-5} (You
                  | found it on level 3 of the Shoals)
 85156 | Abyss:1  | Found a corrupted altar of Lugonu.
 85299 | Depths:3 | Escaped the Abyss
 85301 | Depths:3 | Voluntarily entered the Abyss.
 85748 | Abyss:1  | Found a corrupted altar of Lugonu.
 86100 | Abyss:1  | Identified the ring of Fallacy {rPois rF- Str+2 Slay+2
                  | Stlth+} (You found it in a treasure trove)
 86667 | Depths:3 | Escaped the Abyss
 86851 | Depths:4 | HP: 4/106 [hell knight/+5 scimitar of flaming (10)]
 86854 | Depths:4 | Demolished by a hell knight
 86855 | Depths:4 | Reached XP level 20. HP: -15/102 MP: 3/28
 87175 | Depths:4 | Voluntarily entered the Abyss.
 87709 | Abyss:1  | Reached XP level 21. HP: 53/106 MP: 29/29
 88152 | IceCv    | Entered an ice cave
 88231 | Abyss:2  | Identified the ring of Qir Moutz {rPois Str+3 Int+2 Stlth+}
                  | (You found it in a treasure trove)
 88252 | Abyss:2  | Found a shimmering altar of Xom.
 88520 | Abyss:2  | Identified the ring "Avoto" {MR+ Str+2 Dex+4} (You found it
                  | in a treasure trove)
 88625 | Abyss:2  | Found a corrupted altar of Lugonu.
 88665 | Abyss:2  | Found a corrupted altar of Lugonu.
 89197 | Abyss:2  | Found a shattered altar of Ashenzari.
 89209 | Abyss:2  | Reached skill level 10 in Transmutations
 89833 | Depths:4 | Escaped the Abyss
 89835 | Depths:4 | Voluntarily entered the Abyss.
 90038 | Abyss:1  | Found a bloodstained altar of Trog.
 90095 | Abyss:1  | Found a bloodstained altar of Trog.
 90096 | Abyss:1  | Found a corrupted altar of Lugonu.
 90270 | Depths:4 | Escaped the Abyss
 90334 | Depths:4 | Voluntarily entered the Abyss.
 90334 | Depths:5 | Entered Level 5 of the Depths
 90515 | Depths:4 | Escaped the Abyss
 90602 | Depths:4 | Identified the +6 flail "Kisoraw" {crush, MR+ Str-3 SInv}
 91116 | Depths:4 | Voluntarily entered the Abyss.
 91305 | Abyss:1  | Identified the ring of Wuquxtu {+Blink Str+3 Int-4 Dex+4}
                  | (You found it in a treasure trove)
 91497 | Depths:4 | Escaped the Abyss
 91557 | Depths:4 | Voluntarily entered the Abyss.
 91583 | Abyss:1  | Found a corrupted altar of Lugonu.
 92837 | Abyss:1  | Identified the ring "Siosecon" {rF+ Stlth+} (You found it
                  | in a treasure trove)
 93242 | Abyss:1  | Reached XP level 22. HP: 110/110 MP: 30/30
 93331 | Abyss:1  | Found a corrupted altar of Lugonu.
 93344 | Abyss:1  | Reached skill level 15 in Transmutations
 93450 | Abyss:1  | Found an iron altar of Okawaru.
 94451 | Depths:4 | Escaped the Abyss
 94620 | Depths:5 | Entered Level 5 of the Depths
 94984 | Depths:5 | Noticed Boris
 95005 | Depths:5 | Killed Boris
 95164 | Depths:5 | Noticed a golden dragon
 95169 | Depths:5 | Killed a golden dragon
 95190 | Depths:5 | Noticed a juggernaut
 95203 | Depths:5 | Killed a juggernaut
 95363 | Depths:5 | Found a gateway to a ziggurat.
 96027 | Depths:5 | Noticed a juggernaut
 96208 | Depths:4 | Voluntarily entered the Abyss.
 96591 | Depths:4 | Escaped the Abyss
 96757 | Depths:4 | Voluntarily entered the Abyss.
 96757 | Vaults:5 | Entered Level 5 of the Vaults
 96950 | Abyss:1  | Found a hazy altar of Hepliaklqana.
 97218 | Abyss:1  | Found a transporter.
 97292 | Abyss:1  | Found a corrupted altar of Lugonu.
 97359 | Abyss:1  | Found a corrupted altar of Lugonu.
 97572 | Abyss:1  | Gained mutation: You are occasionally teleported next to
                  | monsters. [a neqoxec]
 97575 | Abyss:1  | Lost mutation: You possess an exceptional clarity of mind.
                  | [potion of mutation]
 97575 | Abyss:1  | Lost mutation: You are occasionally teleported next to
                  | monsters. [potion of mutation]
 97575 | Abyss:1  | Gained mutation: You have an increased reservoir of magic.
                  | (+10% MP) [potion of mutation]
 97575 | Abyss:1  | Gained mutation: You tend to lose your temper in combat.
                  | [potion of mutation]
 97575 | Abyss:1  | Gained mutation: Your skin changes colour to match your
                  | surroundings (Stealth+). [potion of mutation]
 97576 | Abyss:1  | Lost mutation: You tend to lose your temper in combat.
                  | [potion of mutation]
 97576 | Abyss:1  | Gained mutation: You are partially covered in iridescent
                  | scales. (AC +2) [potion of mutation]
 97576 | Abyss:1  | Gained mutation: Your mind is acute. (Int +2) [potion of
                  | mutation]
 97576 | Abyss:1  | Gained mutation: Your mind is very acute. (Int +4) [potion
                  | of mutation]
 98403 | Abyss:2  | Found a corrupted altar of Lugonu.
 98404 | Abyss:2  | Noticed an ancient lich
 98456 | Abyss:2  | Killed an ancient lich
 98545 | Abyss:2  | Identified the +1 large shield of Lethargy {Regen+ Stlth+}
 98882 | Depths:4 | Escaped the Abyss
 98884 | Depths:4 | Voluntarily entered the Abyss.
 98932 | Abyss:1  | Found a corrupted altar of Lugonu.
 99580 | Abyss:2  | Reached XP level 23. HP: 97/114 MP: 30/34
 99666 | Abyss:2  | Found a corrupted altar of Lugonu.
 99725 | Abyss:2  | Found a corrupted altar of Lugonu.
100008 | Depths:4 | Escaped the Abyss
100386 | Depths:3 | Killed an ancient lich
100470 | Depths:3 | Killed a juggernaut
101446 | Shoals:3 | Killed Polyphemus
102658 | Shoals:4 | Got a barnacled rune of Zot
105408 | Crypt:1  | Got a clouded lead amulet
105409 | Crypt:1  | Identified the amulet of No Interval {Faith -Tele rC++}
                  | (You acquired it on level 1 of the Crypt)
105413 | Crypt:1  | Got a wavering crystal amulet
105414 | Crypt:1  | Identified the amulet of Sin {Harm *Drain +Fly rPois Int+4}
                  | (You acquired it on level 1 of the Crypt)
105428 | Crypt:1  | Got an ancient platinum ring
105429 | Crypt:1  | Identified the ring "Iclenih" {+Fly rElec rC+ Int-5} (You
                  | acquired it on level 1 of the Crypt)
105441 | Crypt:1  | Got a crude pewter ring
105442 | Crypt:1  | Identified the ring of Lioconwio {+Fly Slay+3} (You
                  | acquired it on level 1 of the Crypt)
105491 | Crypt:2  | Found a basalt altar of Yredelemnul.
106636 | Depths:4 | Identified the Almanac of the Cloudy Voyage
106896 | Depths:5 | Killed a juggernaut
107233 | Depths:5 | Reached XP level 24. HP: 118/118 MP: 34/34
107746 | Depths:5 | Found a gate to the Realm of Zot.
107861 | Depths:3 | Voluntarily entered the Abyss.
107871 | Abyss:1  | Reached skill level 27 in Hexes
108375 | Abyss:1  | Reached skill level 5 in Translocations
109329 | Abyss:1  | Identified the +2 large shield of the Blind Marksman {Str+6
                  | Stlth+}
109500 | Abyss:1  | Noticed an ancient lich
109508 | Abyss:1  | Killed an ancient lich
109516 | Abyss:1  | Found a corrupted altar of Lugonu.
109742 | Abyss:2  | Found a corrupted altar of Lugonu.
109813 | Abyss:2  | Found a corrupted altar of Lugonu.
110469 | Abyss:3  | Reached skill level 10 in Translocations
111546 | Abyss:4  | Found a corrupted altar of Lugonu.
111552 | Abyss:4  | Reached XP level 25. HP: 122/122 MP: 39/39
111554 | Abyss:4  | Found a burning altar of Makhleb.
112227 | Abyss:4  | Paralysed by accursed screaming for 1 turns
112273 | Abyss:4  | Got an abyssal rune of Zot
112547 | Depths:3 | Escaped the Abyss
112647 | Zot:1    | Entered Level 1 of the Realm of Zot
112722 | Zot:1    | Noticed an orb of fire
113388 | Crypt:2  | Reached skill level 15 in Translocations
114439 | Crypt:2  | Found a basalt altar of Yredelemnul.
114465 | Crypt:2  | Got an ancient copper ring
114518 | Crypt:3  | Entered Level 3 of the Crypt
114552 | Crypt:3  | Identified the ring "Qacvasoz" {rC+ rN+ Str+7 Dex+5 Stlth-}
                  | (You found it on level 2 of the Crypt)
115202 | Crypt:3  | Found a basalt altar of Yredelemnul.
115342 | Crypt:3  | Noticed Bai Suzhen
115366 | Crypt:3  | Killed Bai Suzhen
115504 | Crypt:3  | Reached XP level 26. HP: 126/126 MP: 35/39
115505 | Crypt:3  | Reached XP level 27. HP: 130/130 MP: 35/39
115672 | Crypt:3  | Found a staircase to the Tomb.
115788 | Crypt:3  | Identified the Compendium of Hurtful Snow
115827 | Tomb:1   | Entered Level 1 of the Tomb of the Ancients
116393 | Depths:3 | Voluntarily entered the Abyss.
116466 | Abyss:1  | Found a corrupted altar of Lugonu.
117270 | Depths:3 | Escaped the Abyss
117282 | Depths:3 | Learned a level 8 spell: Controlled Blink
117283 | Depths:3 | Voluntarily entered the Abyss.
117581 | Hell     | Entered the Vestibule of Hell
117652 | Depths:3 | Escaped the Abyss
117654 | Depths:3 | Voluntarily entered the Abyss.
117874 | Abyss:1  | Learned a level 3 spell: Ozocubu's Armour
118168 | Abyss:1  | Paralysed by accursed screaming for 1 turns
118800 | Abyss:1  | Reached skill level 27 in Dodging
119783 | Abyss:1  | Found a corrupted altar of Lugonu.
120062 | Depths:3 | Escaped the Abyss
120063 | Depths:3 | Upgraded the game from 0.24-a0-693-g39a19ac0f1 to
                  | 0.24-a0-699-g5a66b1aa3b
120064 | Depths:3 | Voluntarily entered the Abyss.
120394 | Abyss:1  | Found a corrupted altar of Lugonu.
120408 | Abyss:1  | Found a corrupted altar of Lugonu.
121775 | Abyss:2  | Found an iron altar of Okawaru.
122102 | Abyss:2  | Found a corrupted altar of Lugonu.
122829 | Depths:3 | Escaped the Abyss
122831 | Depths:3 | Voluntarily entered the Abyss.
122870 | Abyss:1  | Found a corrupted altar of Lugonu.
123684 | Abyss:1  | Found a sparkling altar of Nemelex Xobeh.
123926 | Abyss:1  | Found a stormy altar of Qazlal.
124778 | Abyss:1  | Found a radiant altar of Vehumet.
124802 | Abyss:1  | Found a radiant altar of Vehumet.
124911 | Abyss:1  | Reached skill level 10 in Spellcasting
124964 | Abyss:1  | Learned a level 8 spell: Discord
125246 | Slime:1  | Entered Level 1 of the Pits of Slime
125847 | Depths:3 | Escaped the Abyss
126147 | Vaults:5 | Entered Level 5 of the Vaults
126463 | Depths:3 | Voluntarily entered the Abyss.
127242 | Abyss:2  | Paralysed by accursed screaming for 1 turns
127247 | Abyss:2  | Lost mutation: Your mind is very acute. (Int +4) [a
                  | neqoxec]
127436 | Abyss:2  | Found a corrupted altar of Lugonu.
128063 | Abyss:2  | Gained mutation: You do not regenerate when monsters are
                  | visible. [a neqoxec]
128449 | Depths:3 | Escaped the Abyss
128450 | Depths:3 | Lost mutation: Your skin changes colour to match your
                  | surroundings (Stealth+). [potion of mutation]
128450 | Depths:3 | Lost mutation: You have an increased reservoir of magic.
                  | (+10% MP) [potion of mutation]
128450 | Depths:3 | Gained mutation: You evolve. [potion of mutation]
128450 | Depths:3 | Gained mutation: Your muscles are strong. (Str +2) [potion
                  | of mutation]
128450 | Depths:3 | Gained mutation: You are partially covered in large bone
                  | plates. (SH +4) [potion of mutation]
128451 | Depths:3 | Lost mutation: You evolve. [potion of mutation]
128451 | Depths:3 | Gained mutation: Your flesh is cold resistant. (rC+)
                  | [potion of mutation]
128451 | Depths:3 | Lost mutation: Your mind is acute. (Int +2) [potion of
                  | mutation]
128451 | Depths:3 | Gained mutation: Your flesh is heat resistant. (rF+)
                  | [potion of mutation]
128452 | Depths:3 | Lost mutation: Your flesh is cold resistant. (rC+) [potion
                  | of mutation]
128452 | Depths:3 | Gained mutation: Your body sometimes deteriorates upon
                  | taking damage. [potion of mutation]
128452 | Depths:3 | Gained mutation: You are mostly covered in large bone
                  | plates. (SH +6) [potion of mutation]
128453 | Depths:3 | Lost mutation: Your body sometimes deteriorates upon taking
                  | damage. [potion of mutation]
128453 | Depths:3 | Lost mutation: Your muscles are strong. (Str +2) [potion of
                  | mutation]
128453 | Depths:3 | Gained mutation: You expend magic power (3 MP) to
                  | strengthen your wands. [potion of mutation]
128453 | Depths:3 | Gained mutation: You possess an exceptional clarity of
                  | mind. [potion of mutation]
128455 | Depths:3 | Voluntarily entered the Abyss.
128501 | Abyss:1  | Noticed an ancient lich
128506 | Abyss:1  | Killed an ancient lich
128539 | Depths:3 | Escaped the Abyss
128579 | Depths:3 | Voluntarily entered the Abyss.
128977 | Abyss:1  | Learned a level 8 spell: Necromutation
129049 | Abyss:1  | Identified the +2 large shield "Arebul" {rCorr Str+3}
129109 | Abyss:1  | Found a corrupted altar of Lugonu.
129136 | Abyss:1  | Paralysed by accursed screaming for 1 turns
129159 | Depths:3 | Escaped the Abyss
129240 | Depths:3 | Voluntarily entered the Abyss.
129334 | Abyss:1  | Found a corrupted altar of Lugonu.
129575 | Abyss:1  | Noticed an ancient lich
129581 | Abyss:1  | Killed an ancient lich
129742 | Depths:3 | Escaped the Abyss
129889 | Depths:3 | Voluntarily entered the Abyss.
130013 | Abyss:1  | Found a corrupted altar of Lugonu.
130775 | Depths:3 | Escaped the Abyss
131462 | Tomb:1   | Reached skill level 10 in Necromancy
131678 | Tomb:1   | Noticed Boris
131695 | Tomb:1   | Killed Boris
131700 | Tomb:1   | Noticed a greater mummy
131736 | Tomb:1   | Killed a greater mummy
131770 | Tomb:1   | Noticed a greater mummy
131813 | Tomb:1   | Killed a greater mummy
132114 | Tomb:1   | Noticed a greater mummy
132121 | Tomb:1   | Killed a greater mummy
132351 | Tomb:2   | Noticed a greater mummy
132352 | Tomb:2   | Noticed a greater mummy
132373 | Tomb:1   | Noticed a greater mummy
132378 | Tomb:1   | Noticed a greater mummy
132383 | Tomb:1   | Killed a greater mummy
132387 | Tomb:1   | Killed a greater mummy
132390 | Tomb:1   | Noticed a greater mummy
132396 | Tomb:1   | Killed a greater mummy
132398 | Tomb:1   | Noticed a greater mummy
132415 | Tomb:1   | Killed a greater mummy
132416 | Tomb:1   | Noticed a greater mummy
132420 | Tomb:1   | Noticed a greater mummy
132421 | Tomb:1   | Noticed a greater mummy
132423 | Tomb:1   | Noticed a greater mummy
133064 | Depths:3 | Voluntarily entered the Abyss.
133321 | Abyss:1  | Noticed an ancient lich
133326 | Abyss:1  | Killed an ancient lich
133673 | Abyss:2  | Found a corrupted altar of Lugonu.
133723 | Abyss:2  | Lost mutation: You are mostly covered in large bone plates.
                  | (SH +6) [potion of mutation]
133723 | Abyss:2  | Gained mutation: You are agile. (Dex +2) [potion of
                  | mutation]
133723 | Abyss:2  | Gained mutation: You are partially covered in thin metallic
                  | scales. (AC +2) [potion of mutation]
134223 | Depths:3 | Escaped the Abyss
134227 | Depths:3 | Voluntarily entered the Abyss.
134555 | Depths:3 | Escaped the Abyss
134821 | Vaults:5 | Noticed Mennas
135099 | Depths:3 | Voluntarily entered the Abyss.
135099 | Slime:1  | Entered Level 1 of the Pits of Slime
135235 | Abyss:1  | Found an iron altar of Okawaru.
135515 | Depths:3 | Escaped the Abyss
135550 | Hell     | Entered the Vestibule of Hell
135550 | Hell     | Noticed Geryon
135552 | Hell     | Killed Geryon
135640 | Depths:3 | Voluntarily entered the Abyss.
136058 | Depths:3 | Escaped the Abyss
136341 | Vaults:5 | Killed Mennas
136699 | Vaults:5 | Got a scintillating amber ring
136700 | Vaults:5 | Identified the ring "Daaroll" {*Tele Str+2 Int+2} (You
                  | found it on level 5 of the Vaults)
136849 | Vaults:5 | Noticed Mara
136851 | Vaults:5 | Noticed Argons's illusion
136916 | Vaults:5 | Killed Mara
137280 | Vaults:5 | Identified the +2 rapier of the Crawling Thing {venom,
                  | *Noise rF+++ Int-2 Dex+6}
137609 | Vaults:5 | Identified the +2 plate armour "Ziniddeb" {+Fly}
137902 | Vaults:5 | Found the +8 longbow "Zephyr" {speed, Dex+3 SInv}
137918 | Vaults:5 | Got a shimmering emerald amulet
137924 | Vaults:5 | Identified the amulet of Hard Scrabble {Faith +Inv MP+9
                  | Dex-5} (You found it on level 5 of the Vaults)
138095 | Vaults:5 | Got a silver rune of Zot
138139 | Vaults:5 | Found the +2 robe of Vines {NoPotionHeal Regen+7}
138149 | Vaults:5 | Reached skill level 15 in Necromancy
139412 | Depths:3 | Killed bmj180's ghost
139567 | Depths:3 | Voluntarily entered the Abyss.
139577 | Abyss:1  | Found a shadowy altar of Dithmenos.
139643 | Abyss:1  | Found a viscous altar of Jiyva.
139672 | Abyss:1  | Noticed an ancient lich
139679 | Abyss:1  | Killed an ancient lich
139691 | Depths:3 | Escaped the Abyss
139748 | Depths:3 | Voluntarily entered the Abyss.
140189 | Abyss:1  | Found a corrupted altar of Lugonu.
140402 | Abyss:2  | Paralysed by accursed screaming for 1 turns
140478 | Depths:3 | Escaped the Abyss
140480 | Depths:3 | Voluntarily entered the Abyss.
140548 | Abyss:1  | Paralysed by accursed screaming for 1 turns
140552 | Abyss:1  | Paralysed by accursed screaming for 2 turns
140558 | Abyss:1  | Paralysed by accursed screaming for 2 turns
140561 | Abyss:2  | Found a corrupted altar of Lugonu.
140673 | Abyss:2  | Lost mutation: Your flesh is heat resistant. (rF+) [potion
                  | of mutation]
140673 | Abyss:2  | Lost mutation: You possess an exceptional clarity of mind.
                  | [potion of mutation]
140673 | Abyss:2  | Lost mutation: You are agile. (Dex +2) [potion of mutation]
140673 | Abyss:2  | Lost mutation: You do not regenerate when monsters are
                  | visible. [potion of mutation]
140673 | Abyss:2  | Gained mutation: You are clumsy. (Dex -2) [potion of
                  | mutation]
140673 | Abyss:2  | Gained mutation: You possess an exceptional clarity of
                  | mind. [potion of mutation]
140699 | Depths:3 | Escaped the Abyss
140774 | Pan      | Entered Pandemonium
141966 | Pan      | Gained mutation: You are frail. (-10% HP) [a cacodemon]
141979 | Pan      | Gained mutation: You are very clumsy. (Dex -4) [a
                  | cacodemon]
142335 | Pan      | Found an exit through the horrors of the Abyss.
142793 | Pan      | Noticed Lunwaeq the pandemonium lord
144336 | Pan      | Took an exit into the Abyss.
144336 | Abyss:1  | Escaped into the Abyss
144336 | Abyss:1  | Found a corrupted altar of Lugonu.
144448 | Abyss:1  | Lost mutation: You are partially covered in large bone
                  | plates. (SH +4) [potion of mutation]
144448 | Abyss:1  | Lost mutation: You are partially covered in iridescent
                  | scales. (AC +2) [potion of mutation]
144448 | Abyss:1  | Lost mutation: You are very clumsy. (Dex -4) [potion of
                  | mutation]
144448 | Abyss:1  | Lost mutation: You are frail. (-10% HP) [potion of
                  | mutation]
144448 | Abyss:1  | Gained mutation: You are partially covered in slimy green
                  | scales. (AC +2) [potion of mutation]
144448 | Abyss:1  | Lost mutation: You possess an exceptional clarity of mind.
                  | [potion of mutation]
144448 | Abyss:1  | Gained mutation: You have a pair of small horns on your
                  | head. [potion of mutation]
144767 | Depths:3 | Escaped the Abyss
144841 | Pan      | Entered Pandemonium
145232 | Pan      | Noticed Riessoot the pandemonium lord
145666 | Pan      | Killed Riessoot the pandemonium lord
146735 | Pan      | Noticed Vod Puri the pandemonium lord
146741 | Pan      | Killed Vod Puri the pandemonium lord
147127 | Pan      | Found a runed translucent door.
147153 | Pan      | Found a runed translucent door.
147155 | Pan      | Found a runed translucent door.
147157 | Pan      | Noticed Qonneumoa the pandemonium lord
147178 | Pan      | Killed Qonneumoa the pandemonium lord
147197 | Pan      | Found a runed translucent door.
147201 | Pan      | Got a twitching silver ring
147202 | Pan      | Identified the ring "Fohuqeem" {+Inv Stlth-} (You found it
                  | in Pandemonium)
147591 | Pan      | Gained mutation: Your body sometimes deteriorates upon
                  | taking damage. [a neqoxec]
148487 | Pan      | Noticed Olagis the pandemonium lord
148758 | Pan      | Found an exit through the horrors of the Abyss.
149064 | Pan      | Noticed Nisk the pandemonium lord
149454 | Pan      | Killed Nisk the pandemonium lord
149554 | Pan      | Reached skill level 27 in Fighting
149922 | Pan      | Noticed Sehaumuo the pandemonium lord
149990 | Pan      | Killed Sehaumuo the pandemonium lord
150006 | Pan      | Entered the realm of Cerebov.
150006 | Pan      | Found an exit through the horrors of the Abyss.
150155 | Pan      | Identified the +11 crystal plate armour of Hadjma {Dex+4}
150768 | Pan      | Identified the +6 sword of Cerebov {flame}
150768 | Pan      | Noticed Cerebov
150969 | Pan      | Identified the Compendium of Warped Snow
151052 | Pan      | Killed Cerebov
151076 | Pan      | Got a fiery rune of Zot
151261 | Pan      | Noticed Vuoskierphu the pandemonium lord
151264 | Pan      | Gained mutation: You are dopey. (Int -2) [a cacodemon]
151265 | Pan      | Got a demonic rune of Zot
151923 | Pan      | Noticed Yroamm the pandemonium lord
151925 | Pan      | Killed Yroamm the pandemonium lord
152427 | Pan      | Noticed Jailam the pandemonium lord
152824 | Pan      | Noticed Tatuywk the pandemonium lord
153060 | Pan      | Noticed Offok the pandemonium lord
153597 | Pan      | Found a transporter.
153665 | Pan      | Found a transporter.
153840 | Pan      | Entered the realm of Lom Lobon.
154765 | Pan      | Noticed Lom Lobon
154768 | Pan      | Got a magical rune of Zot
155085 | Pan      | Killed Lom Lobon
155309 | Pan      | Found an exit through the horrors of the Abyss.
155318 | Pan      | Took an exit into the Abyss.
155318 | Abyss:1  | Escaped into the Abyss
155405 | Abyss:1  | Reached skill level 27 in Transmutations
155534 | Abyss:1  | Paralysed by accursed screaming for 1 turns
155745 | Depths:3 | Escaped the Abyss
155804 | Depths:3 | Got a fine crystal amulet
155805 | Depths:3 | Identified the amulet "Ozxiod" {Faith Str+7} (You acquired
                  | it on level 3 of the Depths)
155917 | Hell     | Found a gateway to the ashen valley of Gehenna.
155967 | Hell     | Found a gateway to the decaying netherworld of Tartarus.
156094 | Hell     | Found a gateway to the freezing wastes of Cocytus.
156173 | Hell     | Found a gateway to the Iron City of Dis.
157029 | Slime:1  | Entered Level 1 of the Pits of Slime
157442 | Slime:5  | Entered Level 5 of the Pits of Slime
157881 | Slime:5  | Found a viscous altar of Jiyva.
158063 | Slime:5  | Noticed the Royal Jelly
158067 | Slime:5  | Found the +7 sceptre of Torment {pain, torment}
158127 | Slime:5  | Killed the Royal Jelly
158533 | Slime:5  | Identified the Handbook of the Helpful Snowflakes
158574 | Slime:5  | Got a slimy rune of Zot
158577 | Slime:5  | Identified Pukus's Grimoire of Supportive Displacement
159367 | Tomb:1   | Killed a greater mummy
159386 | Tomb:1   | Killed a greater mummy
159412 | Tomb:1   | Noticed a greater mummy
159418 | Tomb:1   | Noticed a greater mummy
159424 | Tomb:1   | Killed a greater mummy
159428 | Tomb:1   | Killed a greater mummy
159596 | Tomb:1   | Noticed a greater mummy
159606 | Tomb:1   | Killed a greater mummy
159648 | Tomb:1   | Noticed a greater mummy
159659 | Tomb:1   | Killed a greater mummy
159671 | Tomb:1   | Noticed a greater mummy
159679 | Tomb:1   | Killed a greater mummy
159822 | Tomb:1   | Killed a greater mummy
159894 | Tomb:1   | Noticed a greater mummy
159904 | Tomb:1   | Killed a greater mummy
159919 | Tomb:1   | Noticed a greater mummy
159927 | Tomb:1   | Killed a greater mummy
159936 | Tomb:1   | Killed a greater mummy
160036 | Tomb:2   | Killed a greater mummy
160041 | Tomb:2   | Noticed a greater mummy
160045 | Tomb:2   | Reached skill level 27 in Translocations
160048 | Tomb:2   | Killed a greater mummy
160090 | Tomb:2   | Noticed an ancient lich
160099 | Tomb:2   | Killed an ancient lich
160117 | Tomb:2   | Killed a greater mummy
161942 | Depths:3 | Voluntarily entered the Abyss.
162403 | Dis:7    | Entered Level 7 of the Iron City of Dis
162526 | Abyss:2  | Found a radiant altar of Vehumet.
162584 | Abyss:2  | Found a corrupted altar of Lugonu.
162758 | Abyss:2  | Found a corrupted altar of Lugonu.
162806 | Abyss:2  | Found a bloodstained altar of Trog.
162878 | Abyss:2  | Found a corrupted altar of Lugonu.
163186 | Abyss:2  | Found a corrupted altar of Lugonu.
163202 | Abyss:2  | Found a bloodstained altar of Trog.
163217 | Abyss:2  | Found a corrupted altar of Lugonu.
163647 | Depths:3 | Escaped the Abyss
163730 | Geh:1    | Entered Level 1 of Gehenna
164851 | Depths:3 | Voluntarily entered the Abyss.
164910 | Depths:3 | Escaped the Abyss
165005 | Depths:3 | Voluntarily entered the Abyss.
165006 | Abyss:1  | Found a corrupted altar of Lugonu.
165570 | Abyss:1  | Paralysed by you for 7 turns
165605 | Depths:3 | Escaped the Abyss
166035 | Geh:7    | Entered Level 7 of Gehenna
166671 | Geh:7    | Identified the +7 sceptre of Asmodeus
166671 | Geh:7    | Noticed Asmodeus
166693 | Geh:7    | Killed Asmodeus
166748 | Geh:7    | Got an obsidian rune of Zot
166995 | Pan      | Entered Pandemonium
166997 | Pan      | Found an exit through the horrors of the Abyss.
167147 | Pan      | Entered the realm of Gloorx Vloq.
167551 | Pan      | Got a pitted steel ring
167563 | Pan      | Identified the ring "Dyor Wic" {rElec MR+ Dex-4 Stlth-}
                  | (You found it in Pandemonium)
167838 | Pan      | Noticed Gloorx Vloq
167840 | Pan      | Killed Gloorx Vloq
167840 | Pan      | Reached skill level 10 in Charms
167864 | Pan      | Got a dark rune of Zot
168000 | Pan      | Entered the realm of Mnoleg.
168372 | Pan      | Found an exit through the horrors of the Abyss.
168832 | Pan      | Noticed Mnoleg
168852 | Pan      | Killed Mnoleg
168852 | Pan      | Reached skill level 15 in Spellcasting
168991 | Pan      | Got a steaming steel ring
169011 | Pan      | Got a glowing rune of Zot
169058 | Pan      | Took an exit into the Abyss.
169058 | Abyss:1  | Escaped into the Abyss
169059 | Abyss:1  | Found a corrupted altar of Lugonu.
169365 | Depths:3 | Escaped the Abyss
170582 | Tomb:2   | Paralysed by the power of Zot for 2 turns
171133 | Tomb:3   | Entered Level 3 of the Tomb of the Ancients
171152 | Tomb:3   | Noticed a greater mummy
171164 | Tomb:3   | HP: 5/148 [bennu (20)]
171164 | Tomb:3   | HP: 2/148 [ushabti/vile air (3)]
171165 | Tomb:3   | Engulfed by an ushabti's foul pestilence
171175 | Tomb:3   | Noticed a greater mummy
171181 | Tomb:3   | Got a golden rune of Zot
171184 | Tomb:3   | Noticed a greater mummy
171190 | Tomb:3   | Noticed a greater mummy
171190 | Tomb:3   | Noticed a greater mummy
171190 | Tomb:3   | Noticed a greater mummy
171191 | Tomb:3   | Noticed a greater mummy
171191 | Tomb:3   | Noticed a greater mummy
171873 | Dis:1    | Entered Level 1 of the Iron City of Dis
173930 | Dis:6    | Reached skill level 27 in Unarmed Combat
173938 | Dis:6    | Reached skill level 1 in Ice Magic
173952 | Dis:7    | Entered Level 7 of the Iron City of Dis
174837 | Dis:4    | Reached skill level 15 in Charms
175011 | Dis:7    | Reached skill level 5 in Ice Magic
175627 | Dis:5    | Found a huge runed gate.
175627 | Dis:5    | Found a huge runed gate.
175627 | Dis:5    | Found a huge runed gate.
175627 | Dis:5    | Found a huge runed gate.
175628 | Dis:5    | Found a huge runed gate.
175630 | Dis:5    | Found a huge runed gate.
176094 | Dis:7    | Cast into level 2 of the Abyss (reaper)
176117 | Abyss:2  | Found a corrupted altar of Lugonu.
176207 | Abyss:2  | Lost mutation: You have a pair of small horns on your head.
                  | [potion of mutation]
176207 | Abyss:2  | Lost mutation: You are dopey. (Int -2) [potion of mutation]
176207 | Abyss:2  | Lost mutation: You expend magic power (3 MP) to strengthen
                  | your wands. [potion of mutation]
176207 | Abyss:2  | Gained mutation: You are very clumsy. (Dex -4) [potion of
                  | mutation]
176207 | Abyss:2  | Gained mutation: Your muscles are strong. (Str +2) [potion
                  | of mutation]
176207 | Abyss:2  | Gained mutation: You are surrounded by a mild repulsion
                  | field. (EV +2) [potion of mutation]
176208 | Abyss:2  | Lost mutation: Your body sometimes deteriorates upon taking
                  | damage. [potion of mutation]
176208 | Abyss:2  | Lost mutation: You are partially covered in thin metallic
                  | scales. (AC +2) [potion of mutation]
176208 | Abyss:2  | Gained mutation: You have a somewhat thin skeletal
                  | structure. (Dex +2, Stealth) [potion of mutation]
176209 | Abyss:2  | Lost mutation: You are very clumsy. (Dex -4) [potion of
                  | mutation]
176209 | Abyss:2  | Lost mutation: You are clumsy. (Dex -2) [potion of
                  | mutation]
176209 | Abyss:2  | Lost mutation: Your muscles are strong. (Str +2) [potion of
                  | mutation]
176209 | Abyss:2  | Lost mutation: You are surrounded by a mild repulsion
                  | field. (EV +2) [potion of mutation]
176209 | Abyss:2  | Gained mutation: You are frail. (-10% HP) [potion of
                  | mutation]
176209 | Abyss:2  | Gained mutation: You expend magic power (3 MP) to
                  | strengthen your wands. [potion of mutation]
176209 | Abyss:2  | Gained mutation: You are agile. (Dex +2) [potion of
                  | mutation]
176543 | Dis:7    | Escaped the Abyss
177328 | Dis:7    | Identified the +4 staff of Dispater
177328 | Dis:7    | Noticed Dispater
177330 | Dis:7    | Found the +0 pair of fencer's gloves {Riposte Dex+3}
177336 | Dis:7    | Killed Dispater
177877 | Dis:7    | Got an iron rune of Zot
178053 | Depths:3 | Voluntarily entered the Abyss.
178131 | Abyss:1  | Noticed an ancient lich
178134 | Abyss:1  | Killed an ancient lich
178208 | Depths:3 | Escaped the Abyss
178266 | Tar:1    | Entered Level 1 of Tartarus
178702 | Tar:1    | Reached skill level 10 in Ice Magic
179536 | Tar:7    | Entered Level 7 of Tartarus
179598 | Tar:7    | Noticed an ancient lich
180180 | Tar:7    | Noticed the Serpent of Hell
180345 | Tar:7    | Identified the Disquisition on Quantum Summoning
180650 | Tar:7    | Noticed an ancient lich
180653 | Tar:7    | Noticed an ancient lich
180657 | Tar:7    | Killed an ancient lich
180660 | Tar:7    | Killed an ancient lich
180662 | Tar:7    | Identified Sif Muna's Incunabulum of Protection and Cold
180818 | Tar:7    | Killed an ancient lich
181308 | Tar:7    | Killed the Serpent of Hell
181525 | Tar:7    | Noticed Ereshkigal
181714 | Tar:7    | Killed Ereshkigal
181740 | Tar:7    | Got a bone rune of Zot
181894 | Coc:1    | Entered Level 1 of Cocytus
181909 | Coc:1    | Learned a level 8 spell: Death's Door
181932 | Coc:1    | Reached skill level 1 in Evocations
182123 | Coc:3    | Reached skill level 5 in Evocations
182682 | Coc:7    | Entered Level 7 of Cocytus
182684 | Coc:7    | Reached skill level 10 in Evocations
182994 | Coc:7    | Noticed Antaeus
183228 | Coc:7    | Killed Antaeus
183248 | Coc:7    | Got an icy rune of Zot
183260 | Coc:7    | Got a wavering zirconium amulet
183261 | Coc:7    | Identified the amulet "Ziggaj" {rElec Regen+ Str+2} (You
                  | found it on level 7 of Cocytus)
183262 | Coc:7    | Identified the ring "Xyoc" {rPois Dex+4} (You found it in
                  | Pandemonium)
184449 | Zot:1    | Killed an orb of fire
184943 | Zot:5    | Entered Level 5 of the Realm of Zot
184974 | Zot:5    | Reached skill level 27 in Necromancy
185251 | Zot:5    | Found a glowing silver altar of Zin.
185489 | Zot:5    | Noticed an orb of fire
185887 | Zot:5    | Killed an orb of fire
186036 | Zot:5    | Upgraded the game from 0.24-a0-699-g5a66b1aa3b to
                  | 0.24-a0-715-g0b739ee41d
186206 | Zot:5    | Noticed an ancient lich
186227 | Zot:5    | Killed an ancient lich
186417 | Zot:5    | Noticed an ancient lich
186427 | Zot:5    | Killed an ancient lich
186448 | Zot:5    | Noticed an ancient lich
186489 | Zot:5    | Noticed an ancient lich
186494 | Zot:5    | Killed an ancient lich
186512 | Zot:5    | Noticed an ancient lich
186549 | Zot:5    | Killed an ancient lich
186842 | Zot:5    | Noticed an ancient lich
186858 | Zot:5    | Killed an ancient lich
186996 | Zot:5    | Noticed an ancient lich
187085 | Zot:5    | Killed an ancient lich
187139 | Zot:5    | Identified the +4 dragonskin cloak
187139 | Zot:5    | Noticed Tiamat
187221 | Zot:5    | Noticed an ancient lich
187233 | Zot:5    | Killed an ancient lich
187235 | Zot:5    | Noticed an ancient lich
187250 | Zot:5    | Noticed an ancient lich
187260 | Zot:5    | Noticed an ancient lich
187267 | Zot:5    | Killed an ancient lich
187399 | Zot:5    | Killed Tiamat
187426 | Zot:5    | Killed an ancient lich
187426 | Zot:5    | Reached skill level 27 in Charms
187452 | Zot:5    | Reached skill level 1 in Invocations
187478 | Zot:5    | Noticed an orb of fire
187514 | Zot:5    | Killed an orb of fire
187583 | Zot:5    | Killed an ancient lich
187583 | Zot:5    | Reached skill level 5 in Invocations
187648 | Zot:5    | Killed an ancient lich
188708 | Zot:3    | Reached skill level 10 in Invocations
188802 | Zot:3    | Found the +10 zealot's sword {holy, *Rage rN+ EV+3}
190879 | Depths:3 | Voluntarily entered the Abyss.
191841 | Abyss:1  | Found a blossoming altar of Fedhas.
191861 | Abyss:1  | Found a blossoming altar of Fedhas.
192146 | Abyss:1  | Noticed an ancient lich
192164 | Abyss:1  | Killed an ancient lich
192567 | Abyss:2  | Found a snail-covered altar of Cheibriados.
192973 | Depths:3 | Escaped the Abyss
193252 | Zot:5    | Got the Orb of Zot
193517 | D:12     | Reached skill level 15 in Invocations
193685 | D:$      | Escaped with the Orb!

Levels and vault maps discovered:
D:1:      minmay_arrival_radiant_lines, layout_basic, minmay_curled_crystal
D:2:      layout_loops_cross, zin_academy, serial_glass, glass_columns_c,
          glass_columns_b, glass_columns_a, glass_columns_c, glass_columns_a,
          glass_columns_b, glass_columns_b, glass_columns_a, glass_columns_c,
          glass_columns_b, fountainhead, grunt_ministairs_7
D:3:      layout_loops_ring, first_ration, minmay_misc_feat_pillars,
          st_stairs_14
D:4:      layout_rooms
D:5:      layout_loops_ring, gammafunk_temple_overflow_statue, uniq_edmund,
          uniq_prince_ribbit1
D:6:      layout_gridville, kennysheep_ying_yang, basic_altar,
          gammafunk_ghost_mausoleum, serial_shops, nicolae_shop_window_shopping
D:7:      layout_loops_cross, minmay_temple_entry_poolview, serial_shops, shop,
          uniq_duvessa, uniq_menkaure, uniq_crazy_yiuf_cottage, uniq_harold
D:8:      layout_basic, overflow_temple_1_default, erik_lair_dragon,
          serial_shops, nicolae_shop_crystal, basic_altar
D:9:      layout_loops_ring, kennysheep_little_box,
          minmay_orc_entry_temple_small
D:10:     layout_loops_ring, gammafunk_ghost_split, uniq_nergalle
D:11:     layout_small_grid, david_nohive_1, hex_large
D:12:     layout_loops_ring, chequers_serial_rivers_room_b, st_stairs_8,
          uniq_sonja
D:13:     layout_long_grid, david_vaults_1
D:14:     layout_rooms, enter_trove_1
D:15:     gammafunk_depths_entry_grave, layout_irregular_city, uniq_roxanne
Temple:   regret_index_temple_waves
Lair:1:   layout_layer_cave, serial_bayou_shore_a
Lair:2:   layout_loops_ring, shoals_dummy_entry, spider_nest_entry_a,
          portal_ice_cave_entry_imps
Lair:3:   layout_small_grid, grunt_megastairs_4
Lair:4:   layout_regular_city, grunt_megastairs_5, serial_bayou_shore_b
Lair:5:   nzn_motion_control, layout_loops_ring
Lair:6:   gammafunk_lair_ancient_temple, layout_regular_city, slime_altar_1,
          chequers_serial_rivers_marsh, serial_bayou_shore_b
Shoals:1: layout_shoals, dpeg_stationary_puzzle
Shoals:2: layout_shoals
Shoals:3: layout_shoals, uniq_polyphemus
Shoals:4: shoals_end_grunt_garden, layout_shoals, serial_shops, bzr_entry_islet
Spider:1: gammafunk_the_bubble [the_bubble_gammafunk_grid]
Spider:2: layout_chambers
Spider:3: layout_spider_delve, gammafunk_ghost_necromancy
Spider:4: johnstein_spider_rune_arachne_lair, drop_trap, nicolae_spider_shape
Slime:1:  layout_caves
Slime:2:  layout_caves
Slime:3:  layout_caves
Slime:4:  layout_caves
Slime:5
Orc:1:    layout_caves, ebering_ghost_inner_flame, mines_bat_river, uniq_fannar
Orc:2:    st_orc_rangers, layout_caves, serial_shops, shop
Elf:1:    eino_elf_arrival_customs, layout_gridlike, serial_shops, shop,
          nicolae_shop_behind_doors, shop, nicolae_shop_crystal,
          nicolae_shop_temple_entry_statues_fountains, hangedman_elf_represent
Elf:2:    layout_geoelf_diagonals, serial_shops, shop_fountains, nooodl_food_tri
Elf:3:    minmay_elf_hall_furrowed, layout_geoelf_castle,
          serial_sigils_hangedman_confine, feat_on_display
Vaults:1: grunt_vaults_trifunnel, nicolae_vaults_murderbox,
          nicolae_vaults_border_crossing, vaults_mumra_minichess_inversion,
          v_misc_33, hangedman_vaults_river_flow,
          nicolae_vaults_little_squares_4, vaults_dpeg_cross,
          vaults_room_hallway, layout_vaults_omnicross, uniq_saint_roka
Vaults:2: v_misc_12, grunt_vaults_funnel, minmay_crypt_entry_nasty_monster,
          hangedman_vaults_cutoff, nicolae_vaults_ninety_degrees, v_misc_8,
          vaults_room_grid, v_pattern_3, hangedman_vaults_stagger,
          nicolae_vaults_little_squares_1, v_misc_19, vaults_mumra_chevron_long,
          ontoclasm_vaults_twist, hangedman_vaults_impose, layout_vaults_omnibox
Vaults:3: vaults_dpeg_diagonal, vaults_dpeg_hooks, vaults_mumra_hexcomb,
          v_misc_15, v_misc_26, v_alt_pattern_3, v_pattern_5,
          vaults_room_door_ring, layout_vaults_omnigrid
Vaults:4: nicolae_vaults_mini_display_case, nicolae_vaults_holding_cells,
          nicolae_vaults_little_squares_2, v_misc_4,
          nicolae_vaults_yaktaur_gun_rack, v_pattern_4, ontoclasm_vaults_chip,
          nicolae_vaults_little_squares_5, ontoclasm_vaults_chip,
          layout_vaults_big_room, serial_shops, bzr_in_the_mist, uniq_frederick,
          uniq_boris
Vaults:5: serial_shops, uniq_mara, uniq_mennas
Crypt:1:  layout_misc_corridors
Crypt:2:  gammafunk_crypt_yreds_forest, layout_chaotic_city, basic_altar,
          lemuel_elevator
Crypt:3:  grunt_crypt_end_deaths_head, uniq_bai_suzhen
Tomb:1
Tomb:2
Tomb:3
Depths:1: layout_gridville, grunt_metal_band, kennysheep_generic_room_13
Depths:2: hangedman_spin_cycle, hell_entry, pan_entry, serial_shops
Depths:3: minmay_the_grid_net [minmay_the_grid_tri_star,
          minmay_the_grid_minigrid_small_alt, minmay_the_grid_odd_star,
          minmay_the_grid_eight, minmay_the_grid_rooms,
          minmay_the_grid_prize_diamond_cup], layout_cave_shapes, abyss_entry,
          rand_demon_pan_entry_4, ebering_ghost_reflecting_pool,
          grunt_hell_entry_dis_old, chequers_serial_rivers_marsh
Depths:4: minmay_cut_squares, layout_gridlike, hell_entry,
          minmay_misc_feat_tiny, abyss_entry_crystal, minmay_protected_statue
Depths:5: grunt_zot_entry_hairpin, layout_basic, enter_ziggurat_d,
          rand_demon_pan_entry_5, hangedman_abyss_or_decor_stagger, hell_entry
Hell
Dis:1:    layout_subdivisions
Dis:2:    layout_subdivisions
Dis:3:    layout_gridville, grunt_dis_stairs_iron_hall
Dis:4:    hangedman_dis_monolith, layout_chaotic_city
Dis:5:    layout_jigsaw, door_vault
Dis:6:    layout_regular_city
Dis:7:    dis_grunt_layers
Geh:1:    layout_gehenna_pools_basic
Geh:2:    layout_gehenna_pools_triple
Geh:3:    layout_gehenna_pools_triple
Geh:4:    layout_gehenna_lava_caves, lemuel_hellish_altar
Geh:5:    layout_gehenna_pools_box
Geh:6:    layout_gehenna_lava_caves
Geh:7:    evilmike_geh
Coc:1:    layout_ice_bergs
Coc:2:    layout_ice_bergs
Coc:3:    layout_cocytus_water_paths
Coc:4:    layout_cocytus_water_paths
Coc:5:    layout_cocytus_water_paths
Coc:6:    layout_ice_bergs
Coc:7:    coc_grunt
Tar:1:    layout_grid_maze
Tar:2:    layout_catacombs, nicolae_tar_cuneiform_oil
Tar:3:    layout_catacombs, nicolae_tar_cuneiform_oil, lemuel_nasty_pond
Tar:4:    layout_honeycomb
Tar:5:    layout_grid_maze
Tar:6:    layout_honeycomb
Tar:7:    tar_grunt_cathedral
Zot:1:    layout_onion_interference, lemuel_golem_globe
Zot:2:    layout_gridlike
Zot:3:    layout_misc_corridors, st_small_dragon_hoard_5
Zot:4:    layout_misc_corridors, hangedman_zot_diagonal_lockstep
Zot:5:    layout_misc_corridors, basic_altar, kennysheep_underground_church,
          uniq_tiamat

Skill      XL: |  1  2  3  4  5  6  7  8  9 10 11 12 13 14 15 16 17 18 19 20 21 22 23 24 25 26 27 |
---------------+----------------------------------------------------------------------------------+-----
Stealth        | 1 2 4 5 8 9 12 13 15 16 18 20 21 23 26 27 | 27.0
Unarmed Combat | 3 4 5 6 7 9 10 11 12 13 15 18 27 | 27.0
Fighting       | 3 4 5 6 7 9 10 11 12 13 15 17 18 27 | 27.0
Dodging        | 5 7 10 12 14 15 17 18 20 22 25 27 | 27.0
Hexes          | 6 7 15 20 24 23 25 26 27 | 27.0
Charms         | 2 6 9 27 | 27.0
Air Magic      | 1 7 |  7.0
Spellcasting   | 3 4 5 8 19 | 19.5
Necromancy     | 4 7 27 | 27.0
Transmutations | 8 14 19 20 27 | 27.0
Translocations | 11 17 18 27 | 27.0
Ice Magic      | 12 | 12.9
Evocations     | 11 | 11.0
Invocations    | 15 | 15.0

Action                   |  1- 3 |  4- 6 |  7- 9 | 10-12 | 13-15 | 16-18 | 19-21 | 22-24 | 25-27 || total
-------------------------+-------+-------+-------+-------+-------+-------+-------+-------+-------++-------
Melee: Unarmed           |   132 |   173 |   514 |   761 |  1910 |  1009 |  2968 |  1716 | 11357 || 20540
       Bite              |     9 |    10 |    50 |    73 |   235 |   104 |   509 |   279 |  2017 ||  3286
       Punch             |     2 |     1 |    19 |    29 |   135 |    84 |   362 |   226 |  1698 ||  2556
       Tailslap          |       |       |       |       |       |       |       |    77 |  1041 ||  1118
       Headbutt          |       |       |       |       |       |       |       |       |   614 ||   614
 Cast: Shroud of Golubri |     7 |    13 |    31 |    15 |    31 |     4 |     9 |       |       ||   110
       Confuse           |       |       |       |    30 |   262 |   195 |   493 |   244 |   270 ||  1494
       Confusing Touch   |       |       |       |     2 |    10 |     3 |     9 |     1 |     3 ||    28
       Invisibility      |       |       |       |       |       |    26 |     8 |     5 |    23 ||    62
       Swiftness         |       |       |       |       |       |     1 |     6 |     3 |     3 ||    13
       Silence           |       |       |       |       |       |     4 |    37 |    17 |    38 ||    96
       Regeneration      |       |       |       |       |       |       |    67 |    52 |   311 ||   430
       Dragon Form       |       |       |       |       |       |       |       |    28 |   285 ||   313
       Necromutation     |       |       |       |       |       |       |       |       |   168 ||   168
       Ozocubu's Armour  |       |       |       |       |       |       |       |       |    41 ||    41
       Controlled Blink  |       |       |       |       |       |       |       |       |    32 ||    32
       Discord           |       |       |       |       |       |       |       |       |     3 ||     3
Invok: Shadow Step       |       |       |       |       |     2 |       |     1 |     2 |    10 ||    15
 Abil: Evoke Flight      |       |       |       |       |       |       |    24 |    21 |     9 ||    54
       End Transformatio |       |       |       |       |       |       |       |     4 |    44 ||    48
       Breathe Fire      |       |       |       |       |       |       |       |     2 |    14 ||    16
       Stop Flying       |       |       |       |       |       |       |       |       |     4 ||     4
Evoke: Wand              |       |     2 |    13 |    10 |     3 |     1 |    18 |     6 |    28 ||    81
  Use: Scroll            |     6 |     7 |     4 |    10 |    13 |    14 |    34 |    17 |    69 ||   174
       Potion            |       |     2 |       |     1 |     3 |     4 |    18 |     6 |    80 ||   114
 Stab: Sleeping          |    15 |     9 |    25 |    76 |   120 |   218 |   101 |    55 |   372 ||   991
       Paralysed         |       |       |     3 |     4 |     1 |       |       |       |       ||     8
       Distracted        |       |       |     3 |     6 |    15 |     6 |   124 |    98 |   449 ||   701
       Confused          |       |       |       |    14 |   125 |   102 |   255 |   144 |   138 ||   778
       Held in net/web   |       |       |       |       |     1 |       |       |       |       ||     1
       Invisible         |       |       |       |       |       |    74 |    24 |     4 |    88 ||   190
  Eat: Chunk             |    10 |     6 |    19 |    27 |    80 |    66 |   116 |    77 |   244 ||   645
       Ration            |       |       |       |       |     1 |       |     3 |     3 |    55 ||    62
Armor: Skin              |     9 |    29 |    18 |    26 |    81 |    27 |    27 |    71 |   799 ||  1087
Dodge: Dodged            |    88 |    93 |   338 |   610 |  1810 |   647 |  2327 |  1350 | 10356 || 17619
Block: Other             |       |       |       |       |       |       |       |       |    76 ||    76

Table legend:
 A = Non-vault XP
 B = Vault XP
 C = Vault XP percentage of total XP
 D = Non-vault monster count
 E = Vault monster count
 F = Vault count percentage of total count
                 A         B        C        D         E       F
            +---------+---------+-------+---------+---------+-------
      Total | 3508244 | 1884123 |  34.9 |    6079 |    1669 |  21.5
            +---------+---------+-------+---------+---------+-------
        D:1 |      52 |       0 |   0.0 |      26 |       0 |   0.0
        D:2 |      33 |       3 |   8.3 |      14 |       2 |  12.5
        D:3 |     154 |       2 |   1.3 |      30 |       1 |   3.2
        D:4 |     479 |       0 |   0.0 |      20 |       0 |   0.0
        D:5 |     498 |     441 |  47.0 |      10 |       2 |  16.7
        D:6 |    1417 |     735 |  34.2 |      40 |       4 |   9.1
        D:7 |    1428 |    1450 |  50.4 |      30 |       5 |  14.3
        D:8 |    2764 |    1183 |  30.0 |      27 |       6 |  18.2
        D:9 |    1026 |     345 |  25.2 |      16 |       8 |  33.3
       D:10 |    3421 |    2479 |  42.0 |      31 |       6 |  16.2
       D:11 |    3757 |    1067 |  22.1 |      37 |      14 |  27.5
       D:12 |   10874 |    1369 |  11.2 |      49 |       2 |   3.9
       D:13 |   13907 |    2298 |  14.2 |      46 |       4 |   8.0
       D:14 |    9020 |       0 |   0.0 |      30 |       0 |   0.0
       D:15 |   14708 |    5527 |  27.3 |      44 |      10 |  18.5
     Lair:1 |    2531 |       0 |   0.0 |      17 |       0 |   0.0
     Lair:2 |    6082 |     423 |   6.5 |      22 |      13 |  37.1
     Lair:3 |    2969 |     548 |  15.6 |      15 |       3 |  16.7
     Lair:4 |    3846 |     570 |  12.9 |      21 |       2 |   8.7
     Lair:5 |    4744 |    2838 |  37.4 |      14 |       4 |  22.2
     Lair:6 |   10594 |   11847 |  52.8 |      37 |      28 |  43.1
   Shoals:1 |   13720 |     447 |   3.2 |      30 |       1 |   3.2
   Shoals:2 |    8264 |     949 |  10.3 |      12 |       1 |   7.7
   Shoals:3 |   18097 |    4869 |  21.2 |      30 |       4 |  11.8
   Shoals:4 |    5196 |   18720 |  78.3 |      12 |      32 |  72.7
   Spider:1 |   13623 |       0 |   0.0 |      33 |       0 |   0.0
   Spider:2 |   15567 |       0 |   0.0 |      48 |       0 |   0.0
   Spider:3 |   13484 |    1096 |   7.5 |      33 |       4 |  10.8
   Spider:4 |   14077 |   34650 |  71.1 |      34 |      54 |  61.4
    Slime:1 |    5167 |       0 |   0.0 |      12 |       0 |   0.0
    Slime:2 |    4003 |       0 |   0.0 |       7 |       0 |   0.0
    Slime:3 |    8197 |       0 |   0.0 |      12 |       0 |   0.0
    Slime:4 |    7159 |       0 |   0.0 |      12 |       0 |   0.0
    Slime:5 |   18132 |   35005 |  65.9 |      22 |      14 |  38.9
      Orc:1 |    3532 |    1302 |  26.9 |      32 |       4 |  11.1
      Orc:2 |    3986 |    4580 |  53.5 |      37 |      35 |  48.6
      Elf:1 |   14599 |    9402 |  39.2 |      21 |      14 |  40.0
      Elf:2 |   16396 |   24431 |  59.8 |      26 |      31 |  54.4
      Elf:3 |   22729 |   43811 |  65.8 |      36 |      29 |  44.6
   Vaults:1 |   14547 |   34577 |  70.4 |      26 |      51 |  66.2
   Vaults:2 |   25056 |   16712 |  40.0 |      54 |      26 |  32.5
   Vaults:3 |   18990 |    9864 |  34.2 |      34 |      11 |  24.4
   Vaults:4 |   38257 |   33942 |  47.0 |      57 |      35 |  38.0
   Vaults:5 |   26778 |  135805 |  83.5 |      40 |      86 |  68.3
    Crypt:1 |   21918 |       0 |   0.0 |      36 |       0 |   0.0
    Crypt:2 |   29990 |   20869 |  41.0 |      38 |      20 |  34.5
    Crypt:3 |       0 |   80405 | 100.0 |       0 |     122 | 100.0
     Tomb:1 |   20001 |  150330 |  88.3 |      34 |      61 |  64.2
     Tomb:2 |    8389 |   51332 |  86.0 |      26 |      53 |  67.1
     Tomb:3 |     359 |    1282 |  78.1 |       2 |       2 |  50.0
   Depths:1 |   31632 |    8856 |  21.9 |      48 |       6 |  11.1
   Depths:2 |    1762 |   84518 |  98.0 |       3 |      94 |  96.9
   Depths:3 |   35441 |   50637 |  58.8 |      46 |      33 |  41.8
   Depths:4 |   47621 |   17342 |  26.7 |      57 |      10 |  14.9
   Depths:5 |   64174 |   25400 |  28.4 |      48 |      19 |  28.4
       Hell |   26098 |   21363 |  45.0 |      39 |      44 |  53.0
      Dis:1 |   30348 |       0 |   0.0 |      59 |       0 |   0.0
      Dis:2 |   10728 |       0 |   0.0 |      28 |       0 |   0.0
      Dis:3 |   44458 |   15888 |  26.3 |      89 |      38 |  29.9
      Dis:4 |   31666 |   33124 |  51.1 |      42 |      42 |  50.0
      Dis:5 |   12212 |       0 |   0.0 |      22 |       0 |   0.0
      Dis:6 |   12197 |       0 |   0.0 |      16 |       0 |   0.0
      Dis:7 |   72486 |   88833 |  55.1 |     116 |      64 |  35.6
      Geh:1 |   37935 |       0 |   0.0 |      89 |       0 |   0.0
      Geh:2 |   26789 |       0 |   0.0 |      49 |       0 |   0.0
      Geh:3 |   16093 |       0 |   0.0 |      47 |       0 |   0.0
      Geh:4 |    6691 |       0 |   0.0 |      12 |       0 |   0.0
      Geh:5 |   22522 |       0 |   0.0 |      46 |       0 |   0.0
      Geh:6 |    1048 |       0 |   0.0 |       2 |       0 |   0.0
      Geh:7 |   18664 |   56906 |  75.3 |      39 |      42 |  51.9
      Coc:1 |    3302 |       0 |   0.0 |       7 |       0 |   0.0
      Coc:2 |   10463 |       0 |   0.0 |      13 |       0 |   0.0
      Coc:3 |    6649 |       0 |   0.0 |      16 |       0 |   0.0
      Coc:4 |   26261 |       0 |   0.0 |      38 |       0 |   0.0
      Coc:5 |   21646 |       0 |   0.0 |      20 |       0 |   0.0
      Coc:7 |   19866 |   40893 |  67.3 |      24 |      25 |  51.0
      Tar:1 |   19999 |       0 |   0.0 |      44 |       0 |   0.0
      Tar:2 |    8899 |       0 |   0.0 |      13 |       0 |   0.0
      Tar:3 |    2027 |       0 |   0.0 |       4 |       0 |   0.0
      Tar:4 |   12661 |       0 |   0.0 |      28 |       0 |   0.0
      Tar:5 |     366 |       0 |   0.0 |       1 |       0 |   0.0
      Tar:6 |   10714 |       0 |   0.0 |      16 |       0 |   0.0
      Tar:7 |   86171 |  132035 |  60.5 |     134 |      70 |  34.3
      Zot:1 |   41517 |       0 |   0.0 |      25 |       0 |   0.0
      Zot:2 |   18769 |       0 |   0.0 |      16 |       0 |   0.0
      Zot:3 |   28337 |       0 |   0.0 |      17 |       0 |   0.0
      Zot:4 |   33563 |       0 |   0.0 |      23 |       0 |   0.0
      Zot:5 |   81144 |  229942 |  73.9 |      47 |      65 |  58.0
    Abyss:1 | 1115106 |   59071 |   5.0 |    1807 |      64 |   3.4
    Abyss:2 |  372532 |   21287 |   5.4 |     728 |      75 |   9.3
    Abyss:3 |   66436 |       0 |   0.0 |     133 |       0 |   0.0
    Abyss:4 |   62240 |    5283 |   7.8 |     142 |      15 |   9.6
        Pan |  404494 |  245240 |  37.7 |     514 |     159 |  23.6
            +---------+---------+-------+---------+---------+-------
